 Dungeon Crawl Stone Soup version 0.31-a0-319-g4fced40 (webtiles) character file.

Game seed: 2764276632126539395

13612786 NoWhammies the Invulnerable (level 27, 354/354 HPs)
             Began as a Gnoll Earth Elementalist on July 17, 2023.
             Was the Champion of Kikubaaqudgha.
             Escaped with the Orb
             ... and 15 runes!
             The game lasted 07:32:19 (117804 turns).

NoWhammies the Invulnerable (GnEE)                Turns: 117804, Time: 07:32:19

Health: 354/354    AC: 50    Str:  8      XL:     27
Magic:  54/54      EV: 26    Int: 37 (41) God:    Kikubaaqudgha [******]
Gold:   7635       SH: 13    Dex: 14      Spells: 7/80 levels left

rFire   + + .        N - staff of Fedhas's Outrage {rPois rC+ Earth}
rCold   + + .        E - +2 buckler {rF+}
rNeg    + . .        r - melded +10 ring mail of the Goldsmith {rN+ Regen+}
rPois   ∞            T - +4 helmet of the Dice {rCorr Dex+3 SInv Stlth+}
rElec   +            U - +4 dragonskin cloak
rCorr   +            b - melded +4 pair of gloves of Yqio {rF++ Int-3}
SInv    +            e - melded +2 pair of boots {Stlth+}
Will    +++..        H - amulet of Vitality {RegenMP++ Regen++}
Stlth   +++          R - ring "Silouk" {+Blink rC+ Int+5 Slay-2 SInv}
HPRegen 2.39/turn    L - ring of Etwyulun {rF+ Will+ Int+6 Stlth-}
MPRegen 1.14/turn

%: no passive effects
@: statue-form, studying 3 skills, very slow
A: slow and powerful, torment resistance 1, boosted hp, fangs 1, strong nose,
distributed training, see invisible, clever 1, clumsy 1, robust 1, inability to
drink after injury 1
0: Orb of Zot
}: 15/15 runes: serpentine, barnacled, slimy, silver, golden, iron, obsidian,
icy, bone, abyssal, demonic, glowing, magical, fiery, dark
a: Begin Untransformation, Renounce Religion, Evoke Blink, Unearth Wretches,
Torment


You escaped.
You worshipped Kikubaaqudgha.
Kikubaaqudgha was exalted by your worship.
You were a living statue of rough stone.
You visited 17 branches of the dungeon, and saw 87 of its levels.
You visited Pandemonium 1 time, and saw 25 of its levels.
You visited the Abyss 2 times.
You visited 1 ziggurat, and saw 21 of its levels.
You also visited: Sewer, Gauntlet, Ice Cave and Wizlab.

You collected 13090 gold pieces.
You spent 5455 gold pieces at shops.

Inventory:

Armour
 b - the +4 pair of gloves of Yqio (melded) {rF++ Int-3}
   (You found it on level 7 of Gehenna)

   Int:       It affects your intelligence (-3).
   rF:        It greatly protects you from fire.
 e - a +2 pair of boots of stealth (melded)
 r - the +10 ring mail of the Goldsmith (melded) {rN+ Regen+}
   (You found it on level 11 of a ziggurat)

   rN:        It protects you from negative energy.
   Regen:     It increases your rate of health regeneration.
 E - a +2 buckler of fire resistance (worn)
 T - the +4 helmet of the Dice (worn) {rCorr Dex+3 SInv Stlth+}
   (You found it on level 5 of the Vaults)

   Dex:       It affects your dexterity (+3).
   SInv:      It lets you see invisible.
   rCorr:     It protects you from acid and corrosion.
   Stlth:     It makes you more stealthy.
 U - the +4 dragonskin cloak (worn)
   (You took it off Tiamat on level 3 of the Realm of Zot)

   Avatar's Aegis: It grants the wearer a chance to resist fire, cold, poison,
   electricity, acid, and negative energy.
Magical Staves
 h - the staff "Caiskei" {rElec rC+ rN+ Air}
   (You found it on level 7 of Gehenna)

   [staff of air]

   Base accuracy: +5 Base damage: 5 Base attack delay: 1.2 This weapon's minimum
   attack delay (0.6) is reached at skill level 12.
   rC:        It protects you from cold.
   rElec:     It insulates you from electricity.
   rN:        It protects you from negative energy.
   Air:       It increases the power of your Air spells.
   It falls into the 'Staves' category.
   It is a one-handed weapon.
 n - the staff of Guile {rElec Str+3 Int+5 Air}
   (You found it on level 7 of Tartarus)

   [staff of air]

   Base accuracy: +5 Base damage: 5 Base attack delay: 1.2 This weapon's minimum
   attack delay (0.6) is reached at skill level 12.
   Str:       It affects your strength (+3).
   Int:       It affects your intelligence (+5).
   rElec:     It insulates you from electricity.
   Air:       It increases the power of your Air spells.
   It falls into the 'Staves' category.
   It is a one-handed weapon.
 N - the staff of Fedhas's Outrage (weapon) {rPois rC+ Earth}
   (You found it on level 16 of a ziggurat)

   [staff of earth]

   Base accuracy: +5 Base damage: 5 Base attack delay: 1.2 This weapon's minimum
   attack delay (0.6) is reached at skill level 12.
   rC:        It protects you from cold.
   rPois:     It protects you from poison.
   Earth:     It increases the power of your Earth spells.
   It falls into the 'Staves' category.
   It is a one-handed weapon.
Jewellery
 g - a ring of wizardry
 H - the amulet of Vitality (around neck) {RegenMP++ Regen++}
   (You found it on level 14 of a ziggurat)

   [amulet of magic regeneration]

   It increases your rate of magic regeneration.
   Regen:     It increases your rate of health regeneration.
 L - the ring of Etwyulun (right fist) {rF+ Will+ Int+6 Stlth-}
   (You found it on level 2 of the Depths)

   [ring of intelligence]

   Int:       It affects your intelligence (+6).
   rF:        It protects you from fire.
   Will:      It increases your willpower.
   Stlth:     It makes you less stealthy.
 R - the ring "Silouk" (left fist) {+Blink rC+ Int+5 Slay-2 SInv}
   (You found it in an ice cave)

   [ring of protection from cold]

   Int:       It affects your intelligence (+5).
   Slay:      It affects your accuracy & damage with ranged weapons and melee
   (-2).
   rC:        It protects you from cold.
   SInv:      It lets you see invisible.
   +Blink:    It lets you blink.
Talismans
 D - a granite talisman
Wands
 d - a wand of quicksilver (56)
 o - a wand of digging (34)
 J - a wand of roots (180)
 M - a wand of paralysis (2)
Scrolls
 j - 11 scrolls of fear
 l - 12 scrolls of blinking
 p - 32 scrolls of teleportation
 q - 7 scrolls of silence
 A - 7 scrolls of summoning
 B - 4 scrolls of revelation
 C - 2 scrolls of enchant armour
 G - 19 scrolls of poison
 O - 11 scrolls of amnesia
 P - 11 scrolls of fog
Potions
 c - 3 potions of resistance
 k - 11 potions of mutation
 m - 17 potions of enlightenment
 s - 8 potions of invisibility
 t - 6 potions of berserk rage
 u - 33 potions of curing
 v - 10 potions of lignification
 w - 17 potions of heal wounds
 x - 3 potions of haste
 y - 10 potions of magic
 z - 9 potions of might
 K - 12 potions of brilliance
 Q - 5 potions of ambrosia
 V - 9 potions of cancellation
Miscellaneous
 a - the horn of Geryon
 f - a lightning rod (4/4)


   Skills:
 O Level 27 Fighting
 O Level 27 Short Blades
 O Level 27 Long Blades
 O Level 27 Axes
 O Level 27 Maces & Flails
 O Level 27 Polearms
 O Level 27 Staves
 O Level 27 Ranged Weapons
 O Level 27 Throwing
 O Level 27 Armour
 O Level 27 Dodging
 O Level 27 Stealth
 O Level 27 Shields
 O Level 27 Unarmed Combat
 O Level 27 Spellcasting
 + Level 25.0 Conjurations
 + Level 25.0 Hexes
 + Level 25.0 Summonings
 + Level 25.0 Necromancy
 + Level 25.0 Translocations
 + Level 25.0 Transmutations
 + Level 25.0 Fire Magic
 + Level 25.0 Ice Magic
 + Level 25.0 Air Magic
 + Level 25.4 Earth Magic
 + Level 25.0 Poison Magic
 O Level 27 Invocations
 O Level 27 Evocations
 + Level 25.0 Shapeshifting


You had 7 spell levels left.
You knew the following spells:

 Your Spells              Type           Power      Damage    Failure   Level
a - Spellforged Servitor  Conj/Summ      62%        N/A       0%          7
b - Blink                 Tloc           100%       N/A       0%          2
c - Passwall              Tmut/Erth      100%       N/A       0%          2
d - Lehudib's Crystal Sp  Conj/Erth      75%        10d17     1%          8
e - Borgnjor's Vile Clut  Necr/Erth      75%        N/A       0%          5
f - Sublimation of Blood  Necr           100%       N/A       0%          2
g - Irradiate             Conj/Tmut      62%        3d32      0%          5
h - Chain Lightning       Conj/Air       62%        3d83      1%          9
i - Ozocubu's Refrigerat  Ice            62%        4d21      0%          7
j - Shatter               Erth           75%        3d55*     1%          9
k - Polar Vortex          Ice            62%        12d8*     1%          9
l - Maxwell's Capacitive  Air            62%        ∞         1%          8

Your spell library contained the following spells:

 Spells                   Type           Power      Damage    Failure   Level
 Apportation              Tloc           100%       N/A       0%          1
 Foxfire                  Conj/Fire      100%       2x1d9     0%          1
 Freeze                   Ice            100%       1d10      0%          1
 Kiss of Death            Conj/Necr      100%       2d13      0%          1
 Magic Dart               Conj           100%       1d8       0%          1
 Necrotise                Necr           100%       1d9       0%          1
 Sandblast                Erth           100%       2d20      0%          1
 Shock                    Conj/Air       100%       1d9       0%          1
 Slow                     Hex            100%       N/A       0%          1
 Sting                    Tmut/Pois      100%       1d8       0%          1
 Summon Small Mammal      Summ           100%       N/A       0%          1
 Call Imp                 Summ           100%       N/A       0%          2
 Cigotuvi's Dreadful Rot  Necr/Pois/Air  100%       N/A       0%          2
 Ensorcelled Hibernation  Hex/Ice        100%       N/A       0%          2
 Lesser Beckoning         Tloc           100%       N/A       0%          2
 Momentum Strike          Conj/Tloc      100%       3d10      0%          2
 Poisonous Vapours        Pois/Air       100%       N/A       0%          2
 Scorch                   Fire           100%       2d9       0%          2
 Static Discharge         Conj/Air       100%       2-7/arc   0%          2
 Wereblood                Tmut           100%       N/A       0%          2
 Call Canine Familiar     Summ           100%       N/A       0%          3
 Confusing Touch          Hex            100%       N/A       0%          3
 Dazzling Flash           Conj/Hex       100%       N/A       0%          3
 Frozen Ramparts          Ice            100%       1d16      0%          3
 Gell's Gravitas          Tloc           100%       N/A       0%          3
 Hailstorm                Conj/Ice       100%       3d20      0%          3
 Ignite Poison            Fire/Tmut/Pois 100%       N/A       0%          3
 Inner Flame              Hex/Fire       100%       N/A       0%          3
 Mephitic Cloud           Conj/Pois/Air  100%       N/A       0%          3
 Ozocubu's Armour         Ice            100%       N/A       0%          3
 Portal Projectile        Hex/Tloc       100%       N/A       0%          3
 Stone Arrow              Conj/Erth      100%       3d13      0%          3
 Summon Guardian Golem    Hex/Summ       100%       N/A       0%          3
 Swiftness                Air            100%       N/A       0%          3
 Teleport Other           Tloc           100%       N/A       0%          3
 Tukima's Dance           Hex            100%       N/A       0%          3
 Vampiric Draining        Necr           100%       2d13      0%          3
 Vhi's Electric Charge    Tloc/Air       100%       N/A       0%          3
 Volatile Blastmotes      Fire/Tloc      100%       2d18      0%          3
 Airstrike                Air            62%        2d(9-25)  0%          4
 Anguish                  Hex/Necr       62%        N/A       0%          4
 Animate Armour           Summ/Erth      100%       N/A       0%          4
 Animate Dead             Necr           100%       N/A       0%          4
 Cause Fear               Hex            62%        N/A       0%          4
 Flame Wave               Conj/Fire      100%       2d21      0%          4
 Fulminant Prism          Conj/Hex       62%        3d26      0%          4
 Iskenderun's Mystic Bla  Conj/Tloc      100%       2d19      0%          4
 Leda's Liquefaction      Hex/Erth       75%        N/A       0%          4
 Manifold Assault         Tloc           100%       N/A       0%          4
 Olgreb's Toxic Radiance  Pois           100%       N/A       0%          4
 Passage of Golubria      Tloc           100%       N/A       0%          4
 Petrify                  Tmut/Erth      100%       N/A       0%          4
 Sticky Flame             Conj/Fire      100%       2d11      0%          4
 Summon Ice Beast         Ice/Summ       100%       N/A       0%          4
 Summon Lightning Spire   Summ/Air       100%       N/A       0%          4
 Agony                    Necr           100%       N/A       0%          5
 Alistair's Intoxication  Tmut/Pois      83%        N/A       0%          5
 Arcjolt                  Conj/Air       62%        1d72      0%          5
 Fireball                 Conj/Fire      62%        3d24      0%          5
 Freezing Cloud           Conj/Ice/Air   62%        6-21      0%          5
 Iskenderun's Battlesphe  Conj           100%       2d15      0%          5
 Lee's Rapid Deconstruct  Erth           75%        3d34*     0%          5
 Metabolic Englaciation   Hex/Ice        62%        N/A       0%          5
 Silence                  Hex/Air        62%        N/A       0%          5
 Summon Forest            Summ/Tloc      62%        N/A       0%          5
 Summon Mana Viper        Hex/Summ       100%       N/A       0%          5
 Yara's Violent Unravell  Hex/Tmut       62%        3d23      0%          5
 Conjure Ball Lightning   Conj/Air       62%        3x3d22    0%          6
 Death Channel            Necr           62%        N/A       0%          6
 Dispersal                Tloc           62%        N/A       0%          6
 Eringya's Noxious Bog    Tmut/Pois      62%        4d6       0%          6
 Leda's Unmaking          Conj/Erth      75%        9d12      0%          6
 Plasma Beam              Fire/Air       62%        2x1d78    0%          6
 Simulacrum               Ice/Necr       62%        N/A       0%          6
 Starburst                Conj/Fire      62%        6d16      0%          6
 Summon Cactus Giant      Summ           62%        N/A       0%          6
 Enfeeble                 Hex            62%        N/A       0%          7
 Haunt                    Necr/Summ      62%        N/A       0%          7
 Malign Gateway           Summ/Tloc      62%        N/A       0%          7
 Monstrous Menagerie      Summ           62%        N/A       0%          7
 Orb of Destruction       Conj           62%        9d15      0%          7
 Borgnjor's Revivificati  Necr           62%        N/A       1%          8
 Discord                  Hex            62%        N/A       1%          8
 Disjunction              Tloc           62%        N/A       1%          8
 Ignition                 Fire           62%        3d17      1%          8
 Infestation              Necr           62%        N/A       1%          8
 Summon Horrible Things   Summ           62%        N/A       1%          8
 Death's Door             Necr           62%        N/A       1%          9
 Dragon's Call            Summ           62%        N/A       1%          9
 Fire Storm               Conj/Fire      62%        8d16      1%          9


Dungeon Overview and Level Annotations

Branches:
Dungeon (15/15)            Temple (0/1) D:7            Lair (5/5) D:11
 Shoals (4/4) Lair:3        Snake (4/4) Lair:3        Slime (5/5) Lair:4
    Orc (2/2) D:9             Elf (3/3) Orc:2        Vaults (5/5) D:13
  Crypt (3/3) Vaults:3       Tomb (3/3) Crypt:3      Depths (4/4) D:15
   Hell (visited)             Dis (7/7) Hell            Geh (7/7) Hell
    Coc (7/7) Hell            Tar (7/7) Hell            Zot (5/5) Depths:4
  Sewer (visited)           IceCv (visited)          WizLab (visited)
Gauntlet (visited)

Altars:
Ashenzari
Cheibriados
Dithmenos
Elyvilon
Fedhas
Gozag
Kikubaaqudgha
Makhleb
Nemelex Xobeh
Okawaru
Qazlal
Trog
Uskayaw
Vehumet
Wu Jian
Xom
Zin
The Shining One
Jiyva

Shops:
D:7 :   D:13 ?   Orc:2 :??   Elf:3 (   Shoals:3 =   Snake:1 :!(   Vaults:3 :
Vaults:4 =   Depths:1 *(?   Depths:2 **=(

Portals:
Hell: Depths:1 Depths:2 Depths:3 Depths:4
Abyss: Depths:3 Depths:4
Pandemonium: Depths:2 Depths:3

Annotations:
Elf:3 3 runed translucent doors
Dis:7 exclusion: 4 doors


Innate Abilities, Weirdness & Mutations

You are a living statue of rough stone.
Your actions are slow, but your melee attacks are powerful.
You are resistant to unholy torment.
Your maximum health is greatly increased.
Your equipment is partially melded.
You are immune to poison.
You have very sharp teeth.
Your uncanny sense of smell can sniff out nearby items.
Your experience applies equally to all skills.
You have supernaturally acute eyesight. (SInv)
Your mind is acute. (Int +4, Str/Dex -1)
You are clumsy. (Dex -2)
You are robust. (+10% HP)
You occasionally lose the ability to drink potions when taking damage.


Message History

The bolt of poison misses you.
Unknown command.
Unknown command.
Really walk into that cloud of seething chaos? [Y]es or [N]o only, please.
Really walk into that cloud of seething chaos? [Y]es or [N]o only, please.
Really walk into that cloud of seething chaos?
Okay, then.
Casting: Chain Lightning (mildly dangerous; 1% risk of failure)
Confirm with . or Enter, or press ? or * to list all spells.
Aiming: Passwall (safe; 0% risk of failure)
Press: ? - help, Dir - move target You can't see that place. [the floor.]
You feel a surge of power! The green death misses you.
You begin to meditate on the wall.
You continue meditating on the rock.
The green death hits you but does no damage.
You continue meditating on the rock.
The green death gestures at you. The blast of poison misses you.
The green death hits you.
You finish merging with the rock.
Unknown command.
An Orb Guardian comes into view.
There is an escape hatch in the ceiling here.
A mysterious force pulls you upwards. The hatch slams shut behind you.
A demonic crawler comes into view.
Unknown command.
Casting: Passwall (safe; 0% risk of failure)
Confirm with . or Enter, or press ? or * to list all spells.
Lightning arcs from your fists!
The bolt of lightning hits the demonic crawler!!!!
You kill the demonic crawler!
Kikubaaqudgha accepts your kill. The bolt of lightning hits you! You resist.
Unknown command.
Unknown command.
An Ice Fiend comes into view.
There is a staircase leading out of the dungeon here.
You have escaped!

...#.###.............# #.# #.#
####.#
#.#.##1.##.##.###.###.#### #
#.###.#.......................
#
#.....#..####.###.#######.####
##########.###~#.#~### #.#
...........##~P...♣~## #.#
#########..#~P8P.♣8♣~# #.# #
#..##~P...♣~########.# #
#..##~P.8.P~##.......#
#########..#~P8P~P8P~#.#####.#
.......##..##~P~~~P~##.# #.#
.......##..###~#.#~###.# #.#
##...........###.### #.# #.#
##.....##..#.....# #.#####.#
##.........#.##### #.......#
##......#..#.# #######.#
##.....(#..#.# #.#


There were no monsters in sight!

Vanquished Creatures
  Cerebov (Pan)
  Antaeus (Coc:7)
  the Royal Jelly (Slime:5)
  Asmodeus (Geh:7)
  Ereshkigal (Tar:7)
  the Serpent of Hell (Dis:7)
  18 pandemonium lords
  Gloorx Vloq (Pan)
  Lom Lobon (Pan)
  Mnoleg (Pan)
  Tiamat (Zot:3)
  11 dread liches
  Dispater (Dis:7)
  Mennas (Vaults:3)
  9 orbs of fire
  6 ancient liches
  The ghost of Towy the Hand of Fortune, a legendary MfGl of Nemelex Xobeh (Zot:5)
  5 juggernauts
  33 royal mummies
  Boris (Vaults:5)
  The ghost of Cuehoi Muffi the Slayer, a legendary TeBe of Trog (Zot:5)
  24 shard shrikes
  13 Killer Klowns
  53 caustic shrikes
  2 curse toes (Zot:3)
  Geryon (Hell)
  13 golden dragons
  Nikola (Elf:1)
  Xtahua (Vaults:5)
  3 pearl dragons (Zig:17)
  7 profane servitors
  31 bone dragons
  18 Brimstone Fiends
  24 Tzitzimimeh
  12 doom hounds
  7 tentacled monstrosities
  15 iron giants
  A shard shrike zombie (Tar:7)
  Jorgrun (Shoals:1)
  24 hellephants
  5 electric golems
  28 Hell Sentinels
  24 Ice Fiends
  The ghost of steven32 the Transmogrifier, an adept OpSh of Ashenzari (Shoals:4)
  9 liches
  26 Orb Guardians
  14 acid blobs
  21 tainted leviathans
  6 quicksilver dragons
  22 titans
  4 deep elf master archers
  8 deep elf blademasters
  23 searing wretches
  3 tentacled starspawn
  8 death cobs
  9 sphinxes
  18 ancient champions
  A kraken (Shoals:3)
  37 Executioners (Pan)
  Roxanne (Elf:1)
  A shadow dragon (shapeshifter) (Vaults:5)
  4 draconian monks
  15 storm dragons
  Ilsuiw (Shoals:2)
  11 shadow dragons
  Aizul (Snake:1)
  4 daevas (Zig:17)
  15 demonspawn warmongers (Pan)
  23 fire giants
  4 draconian knights
  3 narguns
  9 azure jellies
  A fire giant (shapeshifter) (Zig:21)
  A frost giant (shapeshifter) (Zig:21)
  4 nagarajas
  11 rockslimes
  5 revenants
  16 quicksilver elementals
  4 emperor scorpions (Zig:16)
  46 balrugs
  5 iron dragons
  A ghost moth (shapeshifter) (Depths:4)
  4 draconian scorchers
  27 frost giants
  11 ghost moths
  7 draconian shifters
  14 vault wardens
  6 shard shrike simulacra
  7 angels
  2 spectral juggernauts
  8 deep elf sorcerers
  A juggernaut zombie (Tar:7)
  4 deep elf elementalists
  15 quicksilver oozes
  6 spectral caustic shrikes
  3 curse skulls
  4 draconian stormcallers
  20 cacodemons
  A spriggan defender (Depths:2)
  7 ghouls
  7 orc warlords
  3 ironbound thunderhulks
  15 very ugly things
  8 demonspawn corrupters (Pan)
  21 stone giants
  2 draconian annihilators (Zig:15)
  4 demonspawn blood saints (Pan)
  30 reapers
  A broodmother (Zig:16)
  13 ironbound preservers
  10 apis
  2 caustic shrike skeletons
  4 ophanim (Zig:17)
  6 formless jellyfish
  33 war gargoyles
  2 stone giants (shapeshifter)
  14 dire elephants
  9 deep elf demonologists
  6 vampire knights
  8 black draconians
  7 white draconians
  4 bennus
  A minotaur (Gauntlet)
  20 elemental wellsprings
  24 putrid mouths
  15 wendigos
  9 starcursed masses
  6 green draconians
  13 lorocyprocas (Pan)
  A dire elephant (shapeshifter) (Zig:21)
  9 demonspawn black suns (Pan)
  9 deep elf annihilators
  Azrael (Elf:1)
  An eleionoma (shapeshifter) (Zig:21)
  4 purple draconians
  19 iron golems
  11 red draconians
  3 yellow draconians
  2 spectral titans
  7 spark wasps
  17 eidola
  22 green deaths
  11 ettins
  8 merfolk impalers
  7 deep elf death magi
  3 jiangshi
  14 blizzard demons (Pan)
  12 great orbs of eyes
  An ettin (shapeshifter) (Zig:21)
  7 deep elf high priests
  12 yaktaur captains
  4 entropy weavers (Zig:16)
  8 merfolk javelineers
  18 mummy priests
  An entropy weaver (shapeshifter) (Zig:21)
  5 ice dragons
  3 fire dragons
  2 elf skeletons
  34 vault guards
  2 spectral spriggans (Tar:3)
  A great orb of eyes (shapeshifter) (D:14)
  A jorogumo (Zig:16)
  3 rakshasas (Pan)
  8 juggernaut simulacra
  5 caustic shrike simulacra
  5 salamander tyrants
  17 anacondas
  3 alligator snapping turtles
  2 catoblepae
  8 stokers
  5 hell beasts
  3 merfolk aquamancers
  26 centaur warriors
  7 hydras
  5 ironbound frosthearts
  9 death yaks
  5 spriggan skeletons
  A radroach (shapeshifter) (Vaults:5)
  2 merfolk avatars
  8 spriggan air magi
  7 boulder beetles
  2 death knights
  A fenstrider witch skeleton (Pan)
  5 ogre magi
  6 two-headed ogres
  An alligator snapping turtle (shapeshifter) (Zig:21)
  46 death scarabs
  3 tengu warriors
  6 satyrs
  3 deep troll shamans
  13 naga warriors
  13 deep troll earth magi
  2 spriggan berserkers
  37 dancing weapons
  2 titan zombies (Zig:20)
  15 hell hogs
  5 vampire magi
  48 demonic crawlers
  9 orc high priests
  9 hell knights
  A shock serpent (shapeshifter) (Zig:12)
  94 large abominations
  11 naga sharpshooters
  2 spectral dire elephants (Tar:2)
  5 thrashing horrors
  9 wretched stars
  13 shock serpents
  12 crystal echidnas
  Nergalle (Orc:2)
  20 deep elf knights
  6 iron trolls
  12 skeletal warriors
  2 fire crabs
  128 sun demons
  55 soul eaters
  6 salamander mystics
  4 skysharks
  A titan skeleton (Zig:20)
  3 sun moths (Zig:16)
  32 shadow wraiths
  Lodul (D:13)
  2 iron trolls (shapeshifter)
  18 sea snakes
  A spectral bunyip (Geh:1)
  18 shadow demons
  29 sixfirhies
  2 pharaoh ants (Zig:16)
  An iron giant zombie (Crypt:2)
  A golden dragon zombie (Zig:20)
  4 quicksilver dragon simulacra
  6 cherubim
  A death drake (shapeshifter) (Zig:21)
  6 glowing orange brains
  8 flayed ghosts
  19 deep elf archers
  37 deep trolls
  A spectral death yak (Gauntlet)
  A swamp dragon (shapeshifter) (Zig:21)
  8 spriggan simulacra
  3 orb spiders (Zig:16)
  A bog body (Crypt:2)
  4 naga ritualists
  2 anaconda skeletons
  A spectral iron dragon (Tar:1)
  13 wizards
  An anaconda zombie (Hell)
  4 obsidian statues
  13 phantasmal warriors
  10 lindwurms
  7 necromancers
  13 harpies
  36 deep elf zephyrmancers
  2 orange crystal statues
  14 orc knights
  11 ironbound convokers
  A spectral hydra (Tar:1)
  A cyclops (shapeshifter) (Zig:2)
  5 mana vipers
  2 wolf spiders
  A spectral ettin (Tar:2)
  A manticore (shapeshifter) (D:13)
  29 deep elf pyromancers
  8 fauns
  10 elephants
  15 orc sorcerers
  2 spectral alligator snapping turtles
  12 manticores
  An iron dragon zombie (Zig:20)
  4 oklob plants (Lair:3)
  32 ugly things
  A tengu skeleton (Depths:2)
  9 cyclopes
  9 fire giant skeletons (Crypt:3)
  2 moths of wrath (shapeshifter)
  17 salamanders
  3 worldbinders
  25 moths of wrath
  11 guardian serpents
  13 naga magi
  2 sphinx skeletons
  8 rust devils
  3 stone giant skeletons
  Maurice (D:8)
  34 black mambas
  3 iron dragon skeletons
  11 merfolk sirens
  6 apocalypse crabs
  2 torpor snails
  An alligator snapping turtle zombie (Crypt:2)
  10 ice statues
  19 vault sentinels
  2 molten gargoyles (Hell)
  6 titan simulacra
  96 smoke demons
  6 gargoyles
  A storm dragon simulacrum (Zig:20)
  4 water nymphs
  31 orange demons
  14 cane toads
  8 komodo dragons
  4 kobold demonologists
  3 eyes of devastation
  30 hellions
  A naga skeleton (Pan)
  2 unseen horrors
  13 yaktaurs
  3 rime drakes
  35 tormentors
  2 sea snake zombies (Hell)
  14 ice devils
  2 spectral nagas
  2 ancient zymes
  An alligator snapping turtle skeleton (Pan)
  3 anaconda simulacra
  15 efreet
  2 golden dragon simulacra (Coc:7)
  5 freezing wraiths
  2 hydra zombies (Hell)
  13 red devils (Pan)
  A polar bear (shapeshifter) (Elf:3)
  2 tengu conjurers
  45 guardian mummies
  2 spectral harpies
  2 sea snake skeletons (Hell)
  3 silent spectres
  3 polar bears
  A queen bee (Abyss:3)
  4 harpy zombies
  29 merfolk
  4 nameless horrors
  64 hellwings
  13 trolls
  5 meliai (Abyss:3)
  A tyrant leech (shapeshifter) (Vaults:5)
  A mana viper skeleton (Crypt:1)
  7 hornets
  15 blink frogs
  7 wind drakes
  4 harpy skeletons
  A raiju (shapeshifter) (D:15)
  2 tarantellas (Zig:16)
  14 dream sheep
  An ettin zombie (Abyss:4)
  7 snapping turtles
  3 iron dragon simulacra
  6 raiju
  3 hydra skeletons (Hell)
  43 flying skulls
  2 stone giant simulacra (Coc:4)
  178 slime creatures
  5 shadows (Crypt:3)
  13 water elementals
  A culicivora (Zig:16)
  3 spriggans (Depths:2)
  8 dire elephant simulacra
  A centaur simulacrum (Coc:2)
  11 wraiths
  7 air elementals
  5 ettin skeletons
  7 fire dragon skeletons (Crypt:3)
  A jumping spider (Zig:16)
  12 ushabtiu
  16 humans (D:13)
  68 yaks
  4 vampires
  12 wyverns
  60 ynoxinuls
  2 fire bats (Gauntlet)
  6 fire elementals
  An alligator snapping turtle simulacrum (Coc:2)
  5 golden eyes (Pan)
  A steam dragon (D:8)
  56 chaos spawn
  51 neqoxecs
  6 redbacks
  A basilisk (Lair:3)
  2 acid dragons (D:11)
  2 hydra simulacra
  7 small abominations
  10 wargs
  A glowing shapeshifter zombie (Crypt:1)
  7 harpy simulacra
  43 nagas
  A deep troll skeleton (Crypt:2)
  17 hell hounds
  31 water moccasins
  A floating eye (Lair:3)
  Pargi (D:4)
  6 ice beasts
  38 orc warriors
  3 black bears
  An ice beast (shapeshifter) (Elf:2)
  5 ettin simulacra
  A blink frog zombie (Crypt:1)
  A merfolk simulacrum (Coc:2)
  2 great orb of eyes simulacra (IceCv)
  24 ogres
  6 wolves
  16 centaurs
  5 slime creature simulacra (IceCv)
  3 phantoms (D:9)
  6 kobold brigands
  17 bullfrogs
  2 earth elementals (Zig:19)
  A deep troll simulacrum (Crypt:2)
  A scorpion (D:7)
  3 glowing shapeshifter simulacra (IceCv)
  2 gnoll sergeants
  A necrophage (Crypt:2)
  2 troll zombies (D:9)
  11 wights
  4 electric eels
  3 vampire bats (D:5)
  5 howler monkeys
  4 human zombies (Crypt:1)
  2 jellies (D:5)
  21 orc priests
  3 hounds
  2 gnoll boudas
  An iron imp (Abyss:1)
  A sleepcap (D:8)
  A human skeleton (Crypt:1)
  33 orc wizards
  An iguana (D:6)
  7 hell rats
  5 shapeshifter simulacra (IceCv)
  6 ogre zombies (D:9)
  81 mummies
  Robin (D:4)
  8 adders
  17 gnolls
  A howler monkey skeleton (Crypt:2)
  14 white imps
  2 ufetubi
  A worm zombie (Crypt:2)
  6 worms
  5 dart slugs
  59 orcs
  5 ball pythons
  7 bats
  2 bat skeletons (D:5)
  2 bat zombies (D:5)
  10 endoplasms
  9 giant cockroaches
  A gnoll zombie (Crypt:1)
  18 goblins
  9 hobgoblins
  5 jackals
  6 quokkas
  3 frilled lizards
  A goblin skeleton (D:9)
  A goblin zombie (D:9)
  A hobgoblin skeleton (D:9)
  5 hobgoblin zombies (D:9)
  33 kobolds
  3 orc skeletons (D:9)
  14 orc zombies (D:9)
  12 rats
  6 creeping infernos
  52 fire vortices
  2 lurking horrors (Abyss:1)
  A starspawn tentacle (Zig:4)
  A tentacle (Shoals:3)
4829 creatures vanquished.

Vanquished Creatures (collateral kills)
  Saint Roka (Depths:3)
  Vashnia (Snake:4)
  2 curse toes
  2 caustic shrikes
  A golden dragon (shapeshifter) (Depths:2)
  3 golden dragons
  2 tentacled monstrosities
  A pandemonium lord (Pan)
  2 Ice Fiends (Pan)
  A lich (Pan)
  A walking earthen tome (Depths:3)
  A shard shrike skeleton (Crypt:3)
  An Orb Guardian (Zot:5)
  A titan (Vaults:5)
  Mlioglotl (Snake:2)
  A Hell Sentinel (Dis:7)
  A walking frostbound tome (Depths:2)
  A quicksilver dragon (Vaults:5)
  5 Executioners (Pan)
  The ghost of bobfrom10 the Warrior, an adept OgWr of Cheibriados (Snake:1)
  2 death cobs (Zot:1)
  An ancient champion (Crypt:2)
  Polyphemus (Shoals:2)
  A deep elf master archer (WizLab)
  A sphinx (Crypt:3)
  11 acid blobs
  A thorn hunter (WizLab)
  A storm dragon (Zot:1)
  2 shadow dragons (Vaults:5)
  The ghost of Renaoz the Basher, an adept HuCA of Yredelemnul (Snake:3)
  3 tengu reavers (Depths:3)
  A draconian monk (Zot:2)
  4 demonspawn warmongers (Pan)
  A revenant (Vaults:3)
  The ghost of PurpleRed the Brawler, a journeyman TrSh of Cheibriados (Shoals:3)
  4 rockslimes (Slime:5)
  6 azure jellies
  3 fenstrider witches (WizLab)
  3 fire giants
  2 draconian scorchers
  7 ghost moths
  8 frost giants
  3 iron dragons
  3 vault wardens
  A curse skull (Pan)
  3 balrugs (Pan)
  A spectral caustic shrike (Depths:4)
  4 draconian annihilators
  2 cacodemons
  3 ghouls
  4 ironbound preservers
  4 quicksilver oozes
  4 formless jellyfish
  A draconian shifter (Zot:2)
  A demonspawn corrupter (Pan)
  12 stone giants
  A deep elf demonologist (Vaults:5)
  3 reapers (Pan)
  A juggernaut skeleton (Pan)
  A vampire knight (Depths:2)
  5 ironbound thunderhulks
  2 eleionomae (WizLab)
  4 demonspawn blood saints (Pan)
  10 very ugly things
  5 black draconians
  A bunyip (shapeshifter) (Vaults:5)
  3 deep elf annihilators (Vaults:5)
  5 demonspawn black suns (Pan)
  A green draconian (Zot:1)
  2 yellow draconians
  3 lorocyprocas (Pan)
  2 white draconians (Zot:5)
  6 purple draconians
  3 red draconians
  An eidolon (Crypt:2)
  3 spark wasps (Depths:2)
  6 fire dragons
  9 blizzard demons (Pan)
  4 green deaths (Pan)
  An ettin (Depths:2)
  2 shambling mangroves (WizLab)
  A rakshasa (Pan)
  3 great orbs of eyes
  A hell beast (Pan)
  A jiangshi (Crypt:2)
  A juggernaut simulacrum (Pan)
  2 yaktaur captains
  2 spriggan air magi
  13 vault guards
  An ogre mage (Vaults:5)
  A death knight (Crypt:2)
  An ironbound frostheart (Vaults:2)
  A merfolk avatar (Shoals:3)
  6 ice dragons
  The ghost of Dega the Spry, a journeyman SpHu of Dithmenos (D:13)
  A boulder beetle (Vaults:3)
  A dancing weapon (Snake:3)
  A satyr (WizLab)
  A satyr (shapeshifter) (Vaults:5)
  3 centaur warriors
  A fenstrider witch skeleton (Pan)
  5 deep troll earth magi
  4 vampire magi
  4 deep troll shamans
  5 demonic crawlers (Pan)
  2 spriggan berserkers
  3 naga sharpshooters (WizLab)
  2 tengu warriors
  23 soul eaters
  A crystal echidna (Dis:7)
  6 hell knights
  2 shock serpents (Snake:4)
  4 sun demons (Pan)
  2 iron trolls
  A shadow wraith (Pan)
  The ghost of hatwer the Digger, a novice OpEE of Sif Muna (D:7)
  A sea snake (Shoals:4)
  4 sixfirhies
  2 shadow demons (Pan)
  5 flayed ghosts
  4 nameless horrors
  A deep elf archer (WizLab)
  4 glowing orange brains
  9 deep trolls
  2 bunyip skeletons (Pan)
  3 wizards
  2 phantasmal warriors
  A lindwurm (Vaults:1)
  5 ironbound convokers
  4 harpies
  2 anaconda skeletons (Pan)
  8 ugly things
  A cyclops (Shoals:4)
  A glowing shapeshifter (Depths:2)
  A wolf spider (Vaults:5)
  A manticore (Shoals:3)
  5 fauns
  An oklob plant (WizLab)
  8 moths of wrath
  A merfolk siren (Shoals:3)
  2 vault sentinels (Vaults:5)
  A naga mage (Snake:4)
  An eye of devastation (Slime:5)
  A water nymph (Shoals:4)
  6 orange demons (Pan)
  2 centaur skeletons (Crypt:1)
  An elephant slug zombie (Crypt:2)
  8 smoke demons (Pan)
  2 hellions (Pan)
  3 tormentors (Pan)
  3 guardian mummies (Crypt:1)
  2 freezing wraiths
  8 yaktaurs
  3 ice devils (Pan)
  A tengu conjurer (Depths:4)
  An iron troll skeleton (Crypt:1)
  2 hellwings (Pan)
  A hornet (Depths:2)
  3 merfolk
  2 wind drakes (Shoals:4)
  28 slime creatures
  A slime creature (shapeshifter) (Vaults:5)
  3 spriggan skeletons
  A centaur simulacrum (Crypt:1)
  3 ynoxinuls (Pan)
  4 water elementals
  A wraith (Crypt:3)
  13 large abominations (Pan)
  2 spriggans (Depths:2)
  A human (shapeshifter) (Vaults:5)
  3 chaos spawn (Pan)
  2 neqoxecs
  A warg (Depths:3)
  A deep troll zombie (Crypt:2)
  A water moccasin (D:7)
  2 orc warriors
  2 naga skeletons
  A bullfrog (shapeshifter) (Vaults:5)
  2 orc priests (Depths:3)
  A human skeleton (Crypt:1)
  An orc wizard (Depths:4)
  2 orcs
  2 ball lightnings (Pan)
540 creatures vanquished.

Vanquished Creatures (others)
  A titan (Coc:1)
  An eldritch tentacle (Pan)
  A draconian stormcaller (Zig:15)
  A draconian scorcher (Zot:3)
  A shard shrike simulacrum (Coc:7)
  A war gargoyle (Vaults:5)
  3 demonspawn blood saints (Pan)
  2 reapers (Pan)
  A demonspawn corrupter (Pan)
  A blizzard demon (Pan)
  2 caustic shrike simulacra
  A vault guard (Vaults:4)
  2 juggernaut simulacra
  A stoker (Geh:7)
  A demonic crawler (Pan)
  2 sixfirhies (Pan)
  A quicksilver dragon simulacrum (Coc:7)
  2 wizards
  A smoke demon (Pan)
  A black mamba (Snake:3)
  A titan simulacrum (Coc:6)
  An iron dragon simulacrum (Coc:7)
  2 large abominations (Pan)
  3 naga simulacra (Coc:7)
  A chaos spawn (Pan)
  A ynoxinul (Pan)
  A harpy simulacrum (Coc:7)
  An ettin simulacrum (Coc:6)
  An orc priest (Depths:3)
  A ball lightning (Pan)
  A butterfly (Depths:2)
  A creeping inferno (Geh:1)
  2 fire vortices
  5 starspawn tentacles
  19 tentacles (Shoals:3)
68 creatures vanquished.

Grand Total: 5437 creatures vanquished

Notes
Turn   | Place    | Note
-------+----------+-------------------------------------------
     0 | D:1      | NoWhammies the Gnoll Earth Elementalist began the quest for
                  | the Orb.
     0 | D:1      | Reached XP level 1. HP: 13/13 MP: 6/6
    81 | D:1      | Reached XP level 2. HP: 19/19 MP: 3/7
   515 | D:1      | Reached skill level 5 in Spellcasting
   515 | D:1      | Reached XP level 3. HP: 25/25 MP: 5/9
   519 | D:1      | Learned a level 3 spell: Stone Arrow
   522 | D:1      | Learned a level 2 spell: Passwall
  1210 | D:2      | Reached skill level 1 in Invocations
  1219 | D:2      | Identified the +1 helmet "Woddurch" {rPois}
  1295 | D:2      | Reached skill level 1 in Fighting
  1295 | D:2      | Reached skill level 1 in Short Blades
  1295 | D:2      | Reached skill level 1 in Long Blades
  1295 | D:2      | Reached skill level 1 in Axes
  1295 | D:2      | Reached skill level 1 in Maces & Flails
  1295 | D:2      | Reached skill level 1 in Polearms
  1295 | D:2      | Reached skill level 1 in Staves
  1295 | D:2      | Reached skill level 1 in Ranged Weapons
  1295 | D:2      | Reached skill level 1 in Throwing
  1295 | D:2      | Reached skill level 1 in Armour
  1295 | D:2      | Reached skill level 1 in Shields
  1295 | D:2      | Reached skill level 1 in Unarmed Combat
  1295 | D:2      | Reached skill level 1 in Evocations
  1312 | D:2      | Reached XP level 4. HP: 32/32 MP: 8/11
  1316 | D:2      | Reached skill level 1 in Conjurations
  1316 | D:2      | Reached skill level 1 in Hexes
  1316 | D:2      | Reached skill level 1 in Summonings
  1316 | D:2      | Reached skill level 1 in Necromancy
  1316 | D:2      | Reached skill level 1 in Translocations
  1316 | D:2      | Reached skill level 1 in Fire Magic
  1316 | D:2      | Reached skill level 1 in Ice Magic
  1316 | D:2      | Reached skill level 1 in Air Magic
  1316 | D:2      | Reached skill level 1 in Poison Magic
  1316 | D:2      | Reached skill level 1 in Shapeshifting
  1568 | D:2      | Reached XP level 5. HP: 35/37 MP: 7/12
  2429 | D:3      | Found a faded altar of an unknown god.
  2963 | D:4      | Found a radiant altar of Vehumet.
  2977 | D:4      | Noticed Pargi
  2983 | D:4      | Killed Pargi
  2984 | D:4      | Reached XP level 6. HP: 35/44 MP: 9/14
  2987 | D:4      | Reached skill level 5 in Dodging
  2989 | D:4      | Reached skill level 5 in Fighting
  2989 | D:4      | Reached skill level 5 in Short Blades
  2989 | D:4      | Reached skill level 5 in Long Blades
  2989 | D:4      | Reached skill level 5 in Axes
  2989 | D:4      | Reached skill level 5 in Maces & Flails
  2989 | D:4      | Reached skill level 5 in Polearms
  2989 | D:4      | Reached skill level 5 in Staves
  2989 | D:4      | Reached skill level 5 in Ranged Weapons
  2989 | D:4      | Reached skill level 5 in Throwing
  2989 | D:4      | Reached skill level 5 in Armour
  2989 | D:4      | Reached skill level 5 in Shields
  2989 | D:4      | Reached skill level 5 in Unarmed Combat
  2989 | D:4      | Reached skill level 5 in Invocations
  2989 | D:4      | Reached skill level 5 in Evocations
  2989 | D:4      | Reached XP level 7. HP: 20/56 MP: 6/17
  2989 | D:4      | Noticed Robin
  4025 | D:4      | Killed Robin
  4088 | D:4      | Reached XP level 8. HP: 59/62 MP: 11/18
  4443 | D:5      | Entered Level 5 of the Dungeon
  4533 | D:5      | Found a shimmering altar of Xom.
  4535 | D:5      | Found a radiant altar of Vehumet.
  4535 | D:5      | Found a sparkling altar of Nemelex Xobeh.
  4537 | D:5      | Found a glowing silver altar of Zin.
  4537 | D:5      | Found an ornate altar of the Wu Jian Council.
  4537 | D:5      | Found a hide-covered altar of Uskayaw.
  4692 | D:5      | Found a broken altar of Ashenzari.
  4722 | D:5      | Found a bloodstained altar of Trog.
  4765 | D:5      | Found an iron altar of Okawaru.
  5036 | D:5      | Found an ancient bone altar of Kikubaaqudgha.
  5079 | D:5      | Became a worshipper of Kikubaaqudgha
  5268 | D:6      | Found a glowing drain.
  5301 | Sewer    | Entered a sewer
  5649 | Sewer    | Reached * piety under Kikubaaqudgha
  5649 | Sewer    | Received a gift from Kikubaaqudgha
  5735 | D:6      | Found a stormy altar of Qazlal.
  5738 | D:6      | Found a white marble altar of Elyvilon.
  5746 | D:6      | Found a blossoming altar of Fedhas.
  5749 | D:6      | Found an ornate altar of the Wu Jian Council.
  5769 | D:6      | Found a snail-covered altar of Cheibriados.
  5773 | D:6      | Found a glowing golden altar of the Shining One.
  6342 | D:6      | Learned a level 3 spell: Vampiric Draining
  6343 | D:7      | Found Ruulank's Vocational Training.
  6377 | D:7      | Found a shadowy altar of Dithmenos.
  6400 | D:7      | Found a staircase to the Ecumenical Temple.
  6428 | D:7      | Reached skill level 5 in Transmutations
  6428 | D:7      | Reached XP level 9. HP: 65/68 MP: 17/20
  6711 | D:7      | Found a transporter.
  6959 | D:7      | Noticed hatwer's ghost (novice OpEE)
  6962 | D:7      | Noticed a moth of wrath
  6978 | D:7      | Found a transporter.
  7636 | D:8      | Noticed Maurice
  7641 | D:8      | Killed Maurice
  7790 | D:8      | Reached XP level 10. HP: 76/76 MP: 17/21
  7825 | D:8      | Found a sparkling altar of Nemelex Xobeh.
  7880 | D:8      | Reached skill level 5 in Conjurations
  7880 | D:8      | Reached skill level 5 in Hexes
  7880 | D:8      | Reached skill level 5 in Summonings
  7880 | D:8      | Reached skill level 5 in Necromancy
  7880 | D:8      | Reached skill level 5 in Translocations
  7880 | D:8      | Reached skill level 5 in Fire Magic
  7880 | D:8      | Reached skill level 5 in Ice Magic
  7880 | D:8      | Reached skill level 5 in Air Magic
  7880 | D:8      | Reached skill level 5 in Poison Magic
  7880 | D:8      | Reached skill level 5 in Shapeshifting
  8272 | D:8      | Reached ** piety under Kikubaaqudgha
  8411 | D:9      | Noticed a kobold demonologist
  8411 | D:9      | Noticed a kobold demonologist
  8432 | D:9      | Noticed a kobold demonologist
  8432 | D:9      | Noticed a kobold demonologist
  8437 | D:9      | Noticed a sun demon
  8438 | D:9      | Noticed a soul eater
  8602 | D:8      | Killed a kobold demonologist
  8617 | D:9      | Noticed a rust devil
  8622 | D:8      | Killed a kobold demonologist
  8625 | D:8      | Killed a kobold demonologist
  8662 | D:9      | Killed a kobold demonologist
  8674 | D:9      | Reached XP level 11. HP: 82/83 MP: 14/23
  8976 | D:9      | Reached *** piety under Kikubaaqudgha
  8976 | D:9      | Received a gift from Kikubaaqudgha
  8988 | D:9      | Learned a level 5 spell: Borgnjor's Vile Clutch
  9025 | D:9      | Found a staircase to the Orcish Mines.
  9333 | D:9      | Reached **** piety under Kikubaaqudgha
  9923 | D:9      | Found the +18 shield of the Gong {Loud rN+ Will+ rCorr
                  | EV-5}
  9957 | D:10     | Entered Level 10 of the Dungeon
  9968 | D:10     | Noticed a two-headed ogre
  9975 | D:10     | Killed a two-headed ogre
 10292 | D:10     | Found a burning altar of Makhleb.
 10651 | D:11     | Noticed a cyclops
 10654 | D:11     | Killed a cyclops
 10696 | D:11     | Noticed a cyclops
 10797 | D:11     | Killed a cyclops
 10954 | D:11     | Found a staircase to the Lair.
 11186 | D:11     | Noticed a boulder beetle
 11566 | D:11     | Reached XP level 12. HP: 91/91 MP: 17/24
 13186 | D:12     | Identified the +1 leather armour of Valiance {Harm Int+4}
 13653 | D:13     | Found Moawywn's Magic Scroll Emporium.
 13675 | D:13     | Bought a scroll of blinking for 97 gold pieces
 13675 | D:13     | Bought a scroll of blinking for 97 gold pieces
 13675 | D:13     | Bought a scroll of teleportation for 39 gold pieces
 13675 | D:13     | Bought a scroll of revelation for 97 gold pieces
 13675 | D:13     | Bought a scroll of enchant weapon for 97 gold pieces
 13675 | D:13     | Bought a scroll of amnesia for 52 gold pieces
 13675 | D:13     | Bought a scroll of amnesia for 52 gold pieces
 13742 | D:13     | Noticed a centaur warrior
 13856 | D:13     | Noticed a centaur warrior
 13870 | D:13     | Killed a centaur warrior
 13911 | D:13     | Reached ***** piety under Kikubaaqudgha
 13921 | D:13     | Killed a boulder beetle
 13932 | D:13     | Found a frozen archway.
 13995 | IceCv    | Entered an ice cave
 14567 | IceCv    | Reached XP level 13. HP: 95/98 MP: 26/26
 14774 | IceCv    | Noticed an azure jelly
 14781 | IceCv    | Noticed an azure jelly
 14796 | IceCv    | Killed an azure jelly
 14809 | IceCv    | Found a viscous altar of Jiyva.
 14847 | IceCv    | Killed an azure jelly
 14884 | IceCv    | Got the ring "Silouk" {+Blink rC+ Int+5 Slay-2 SInv}
 14886 | IceCv    | Identified the amulet "Atufopouta" {Faith Dex+3}
 15426 | D:13     | Reached skill level 10 in Spellcasting
 15530 | D:13     | Noticed a vault guard
 15567 | D:13     | Noticed a vault guard
 15598 | D:13     | Killed a vault guard
 15634 | D:13     | Reached skill level 10 in Dodging
 15666 | D:13     | Killed a vault guard
 15742 | D:13     | Noticed a vault guard
 15762 | D:13     | Killed a vault guard
 15805 | D:13     | Noticed a vault guard
 15826 | D:13     | Killed a vault guard
 15954 | D:13     | Found a gate to the Vaults.
 16002 | D:13     | Noticed Lodul
 16021 | D:13     | Killed Lodul
 16022 | D:13     | Reached skill level 10 in Stealth
 16093 | D:13     | Found a runed translucent gate.
 16093 | D:13     | Found a runed translucent gate.
 16094 | D:13     | Found an opulent altar of Gozag.
 16096 | D:13     | Found a runed translucent gate.
 16096 | D:13     | Noticed a yaktaur captain
 16097 | D:13     | Noticed Dega's ghost (journeyman SpHu)
 16867 | D:13     | Reached skill level 10 in Invocations
 16867 | D:13     | Reached XP level 14. HP: 59/108 MP: 21/28
 16914 | D:14     | You fall into a shaft and drop 1 floor!
 16914 | D:15     | Entered Level 15 of the Dungeon
 17183 | D:14     | Identified the +0 chain mail "Inyz" {rElec rN+ Will+ Dex+2}
 17241 | D:14     | Found a gate leading to a gauntlet.
 17250 | Gauntlet | Entered a Gauntlet
 17250 | Gauntlet | Found a transporter.
 17250 | Gauntlet | Found a transporter.
 17250 | Gauntlet | Found a transporter.
 17301 | Gauntlet | Found a transporter.
 17302 | Gauntlet | Found a transporter.
 17305 | Gauntlet | Found a transporter.
 17312 | Gauntlet | Found a transporter.
 17314 | Gauntlet | Found a transporter.
 17314 | Gauntlet | Found a transporter.
 17316 | Gauntlet | Found a transporter.
 17328 | Gauntlet | Found a transporter.
 17330 | Gauntlet | Found a transporter.
 17427 | Gauntlet | Identified the ring "Afapeint" {Fire rPois rN++ Dex-3 SInv}
 17529 | Gauntlet | Identified the +1 helmet of Whack-A-Mole {rC+}
 17639 | Gauntlet | Identified the ring of Afe Buxt {Will+ Int+6 Dex+4}
 17917 | D:14     | Identified the +0 tower shield of the Peculiar Portals
                  | {Int+2}
 18287 | D:14     | Upgraded the game from 0.31-a0-318-gcff7bd0 to
                  | 0.31-a0-319-g4fced40
 18348 | D:14     | Reached ****** piety under Kikubaaqudgha
 18983 | D:14     | Identified the ring of Wonder {rN+ rCorr Int+4}
 19412 | D:15     | Found a staircase to the Depths.
 19904 | D:15     | Reached skill level 10 in Earth Magic
 20068 | D:15     | Reached skill level 10 in Fighting
 20068 | D:15     | Reached skill level 10 in Short Blades
 20068 | D:15     | Reached skill level 10 in Long Blades
 20068 | D:15     | Reached skill level 10 in Axes
 20068 | D:15     | Reached skill level 10 in Maces & Flails
 20068 | D:15     | Reached skill level 10 in Polearms
 20068 | D:15     | Reached skill level 10 in Staves
 20068 | D:15     | Reached skill level 10 in Ranged Weapons
 20068 | D:15     | Reached skill level 10 in Throwing
 20068 | D:15     | Reached skill level 10 in Armour
 20068 | D:15     | Reached skill level 10 in Shields
 20068 | D:15     | Reached skill level 10 in Unarmed Combat
 20068 | D:15     | Reached skill level 10 in Evocations
 20070 | D:15     | Reached XP level 15. HP: 82/115 MP: 14/30
 20561 | Orc:1    | Entered Level 1 of the Orcish Mines
 20629 | Lair:1   | Entered Level 1 of the Lair of Beasts
 20830 | Lair:1   | Learned a level 2 spell: Sublimation of Blood
 20839 | Lair:1   | Learned a level 5 spell: Irradiate
 21873 | Lair:2   | Received a gift from Kikubaaqudgha
 23005 | Lair:3   | Found a staircase to the Snake Pit.
 23198 | Lair:3   | Found a staircase to the Shoals.
 23998 | Lair:3   | Identified the staff "Oriymuadd" {rF+ Str+3 Fire}
 24202 | Lair:4   | Found a staircase to the Slime Pits.
 24202 | Lair:4   | Found a viscous altar of Jiyva.
 24424 | Lair:4   | Paralysed by a floating eye for 4 turns
 24435 | Lair:3   | HP: 2/117 [death yak (15)]
 24582 | Lair:3   | Reached XP level 16. HP: 113/124 MP: 26/31
 25140 | Lair:5   | Entered Level 5 of the Lair of Beasts
 25340 | Lair:5   | Found an opulent altar of Gozag.
 25659 | Lair:5   | Learned a level 7 spell: Haunt
 25667 | Lair:5   | Learned a level 7 spell: Ozocubu's Refrigeration
 25932 | Lair:5   | Paralysed by a hornet for 1 turns
 27159 | Orc:2    | Entered Level 2 of the Orcish Mines
 27364 | Orc:2    | Found Laonlite's Book Shoppe.
 27442 | Orc:2    | Found a radiant altar of Vehumet.
 27480 | Orc:2    | Found an ancient bone altar of Kikubaaqudgha.
 27480 | Orc:2    | Noticed Nergalle
 27491 | Orc:2    | Killed Nergalle
 27504 | Orc:2    | Found Lain's Magic Scroll Emporium.
 27512 | Orc:2    | Bought a scroll of revelation for 120 gold pieces
 27512 | Orc:2    | Bought a scroll of fear for 64 gold pieces
 27512 | Orc:2    | Bought a scroll of blinking for 120 gold pieces
 27512 | Orc:2    | Bought a scroll of amnesia for 64 gold pieces
 27684 | Orc:2    | Found a staircase to the Elven Halls.
 27886 | Orc:2    | Found Boummev's Antique Armour Shoppe.
 27938 | Orc:2    | Found Timierup's Magic Scroll Emporium.
 27960 | Orc:2    | Bought a scroll of teleportation for 36 gold pieces
 27960 | Orc:2    | Bought 2 scrolls of teleportation for 72 gold pieces
 27960 | Orc:2    | Bought a scroll of fear for 48 gold pieces
 27960 | Orc:2    | Bought a scroll of poison for 48 gold pieces
 28540 | Orc:2    | Bought a book of the Earth for 504 gold pieces
 28540 | Orc:2    | Bought a book of the Spheres for 756 gold pieces
 28547 | Orc:2    | Learned a level 5 spell: Lee's Rapid Deconstruction
 28602 | Elf:1    | Entered Level 1 of the Elven Halls
 28743 | Elf:1    | Noticed Roxanne
 28750 | Elf:1    | Killed Roxanne
 28985 | Elf:1    | Reached skill level 10 in Transmutations
 29382 | Elf:1    | Noticed Azrael
 29392 | Elf:1    | Killed Azrael
 29393 | Elf:1    | Reached XP level 17. HP: 81/132 MP: 2/33
 29853 | Elf:1    | Noticed Nikola
 29871 | Elf:1    | Killed Nikola
 30516 | Elf:2    | Reached skill level 10 in Conjurations
 30516 | Elf:2    | Reached skill level 10 in Hexes
 30516 | Elf:2    | Reached skill level 10 in Summonings
 30516 | Elf:2    | Reached skill level 10 in Necromancy
 30516 | Elf:2    | Reached skill level 10 in Translocations
 30516 | Elf:2    | Reached skill level 10 in Fire Magic
 30516 | Elf:2    | Reached skill level 10 in Ice Magic
 30516 | Elf:2    | Reached skill level 10 in Air Magic
 30516 | Elf:2    | Reached skill level 10 in Poison Magic
 30516 | Elf:2    | Reached skill level 10 in Shapeshifting
 31546 | Elf:2    | Found a runed translucent gate.
 31556 | Elf:2    | Found a runed translucent gate.
 31556 | Elf:2    | Found a runed translucent gate.
 31940 | Elf:2    | Noticed a deep elf blademaster
 31950 | Elf:2    | Killed a deep elf blademaster
 32870 | Elf:3    | Entered Level 3 of the Elven Halls
 32870 | Elf:3    | Found a runed translucent gate.
 32870 | Elf:3    | Found a runed translucent gate.
 32870 | Elf:3    | Found a runed translucent gate.
 33254 | Elf:3    | Reached XP level 18. HP: 141/141 MP: 30/35
 33303 | Elf:3    | Found Riacrek's Antique Weapon Boutique.
 33627 | Elf:3    | Noticed a deep elf master archer
 33640 | Elf:3    | Killed a deep elf master archer
 33779 | Elf:3    | Identified the ring of Feets {rElec Will+ Int+3 Slay-3
                  | Stlth+}
 33783 | Elf:3    | Noticed a deep elf blademaster
 33837 | Elf:3    | Killed a deep elf blademaster
 34128 | Elf:3    | Identified the +7 falchion "Aruim" {freeze, rElec rF+}
 34142 | Elf:3    | Identified the +4 scimitar "Fezer" {freeze, *Slow rF+
                  | Will+}
 34458 | Elf:3    | Noticed a deep elf blademaster
 34474 | Elf:3    | Killed a deep elf blademaster
 34614 | Elf:3    | Got the Elucidation of Calefaction
 34684 | Elf:3    | Identified the +7 shortbow "Zyezuth" {antimagic, rF+ Str+3}
 35226 | Snake:1  | Entered Level 1 of the Snake Pit
 35244 | Snake:1  | Found a runed translucent door.
 35257 | Snake:1  | Noticed bobfrom10's ghost (adept OgWr)
 35639 | Snake:1  | Found Tezapt's Weapon Boutique.
 36343 | Snake:1  | Found Zollois's Distillery.
 36346 | Snake:1  | Found Ohotomp's Book Boutique.
 36351 | Snake:1  | Bought a potion of heal wounds for 100 gold pieces
 36351 | Snake:1  | Bought a potion of magic for 160 gold pieces
 36391 | Snake:1  | Bought a book of Beasts for 608 gold pieces
 36397 | Snake:1  | Learned a level 5 spell: Summon Mana Viper
 36487 | Snake:1  | Noticed Aizul
 36498 | Snake:1  | Killed Aizul
 37054 | Snake:2  | Noticed Mlioglotl
 37066 | Snake:2  | Killed Mlioglotl
 38101 | Snake:3  | Reached XP level 19. HP: 129/149 MP: 24/36
 38413 | Snake:3  | Found a runed translucent door.
 38413 | Snake:3  | Found a shimmering altar of Xom.
 38413 | Snake:3  | Noticed Renaoz's ghost (adept HuCA)
 38414 | Snake:3  | Identified the +4 scimitar "Neihot" {chaos, Will+ Int+3
                  | Dex+2}
 39245 | Snake:4  | Entered Level 4 of the Snake Pit
 39440 | Snake:4  | Noticed Vashnia
 40015 | Snake:4  | Killed Vashnia
 40729 | Snake:4  | Got a serpentine rune of Zot
 41590 | Shoals:1 | Entered Level 1 of the Shoals
 41606 | Shoals:1 | Noticed Jorgrun
 41613 | Shoals:1 | Killed Jorgrun
 42187 | Shoals:2 | Reached XP level 20. HP: 117/158 MP: 17/38
 42641 | Shoals:2 | Reached skill level 15 in Invocations
 42854 | Shoals:3 | Noticed Ilsuiw
 42866 | Shoals:2 | Killed Ilsuiw
 43031 | Shoals:3 | Noticed Polyphemus
 43055 | Shoals:2 | Killed Polyphemus
 44038 | Shoals:3 | Found a runed translucent gate.
 44153 | Shoals:3 | Found a runed translucent gate.
 44154 | Shoals:3 | Found a runed translucent gate.
 44160 | Shoals:3 | Noticed PurpleRed's ghost (journeyman TrSh)
 44268 | Shoals:3 | Found Nehumay's Jewellery Shop.
 44330 | Shoals:4 | Entered Level 4 of the Shoals
 45091 | Shoals:4 | Identified the +1 long sword of Cycvy {drain, Stlth+}
 45220 | Shoals:4 | Reached skill level 15 in Spellcasting
 45227 | Shoals:4 | Found a runed translucent door.
 45230 | Shoals:4 | Noticed steven32's ghost (adept OpSh)
 46013 | Shoals:4 | Reached skill level 15 in Dodging
 46115 | Shoals:4 | Identified the +0 cloak of Precision Catastrophes {Will-
                  | Int+8 SInv Stlth+}
 46154 | Shoals:4 | Got a barnacled rune of Zot
 46657 | Vaults:1 | Entered Level 1 of the Vaults
 46780 | Vaults:1 | Reached XP level 21. HP: 166/166 MP: 31/40
 46906 | Vaults:1 | Reached skill level 15 in Stealth
 49430 | Vaults:2 | Found a runed translucent door.
 50322 | Vaults:2 | Reached skill level 15 in Fighting
 50322 | Vaults:2 | Reached skill level 15 in Short Blades
 50322 | Vaults:2 | Reached skill level 15 in Long Blades
 50322 | Vaults:2 | Reached skill level 15 in Axes
 50322 | Vaults:2 | Reached skill level 15 in Maces & Flails
 50322 | Vaults:2 | Reached skill level 15 in Polearms
 50322 | Vaults:2 | Reached skill level 15 in Staves
 50322 | Vaults:2 | Reached skill level 15 in Ranged Weapons
 50322 | Vaults:2 | Reached skill level 15 in Throwing
 50322 | Vaults:2 | Reached skill level 15 in Armour
 50322 | Vaults:2 | Reached skill level 15 in Shields
 50322 | Vaults:2 | Reached skill level 15 in Unarmed Combat
 50322 | Vaults:2 | Reached skill level 15 in Evocations
 50697 | Vaults:3 | Found a staircase to the Crypt.
 50813 | Vaults:3 | Identified the ring "Nucec" {rElec rF+}
 50851 | Vaults:3 | Found Lupyuw Femub's Book Emporium.
 50908 | Vaults:3 | Noticed Mennas
 51031 | Vaults:3 | Reached XP level 22. HP: 165/175 MP: 21/41
 52163 | Vaults:4 | Found Wyughoap's Jewellery Shop.
 52216 | Vaults:4 | Found a magical portal.
 52225 | WizLab   | Entered Eringya's Formal Garden
 53029 | WizLab   | Found a blossoming altar of Fedhas.
 53737 | Shoals:3 | Bought an amulet of magic regeneration for 600 gold pieces
 53778 | Shoals:3 | Killed PurpleRed's ghost
 53888 | Shoals:4 | Killed steven32's ghost
 54046 | Snake:1  | Killed bobfrom10's ghost
 54127 | Snake:3  | Killed Renaoz's ghost
 54398 | D:13     | Killed Dega's ghost
 54688 | D:7      | Killed hatwer's ghost
 55403 | Slime:1  | Entered Level 1 of the Pits of Slime
 56233 | Slime:2  | Reached XP level 23. HP: 183/183 MP: 21/43
 56817 | Slime:5  | Entered Level 5 of the Pits of Slime
 57319 | Slime:5  | Found a viscous altar of Jiyva.
 58050 | Slime:5  | Noticed the Royal Jelly
 58994 | Slime:4  | Learned a level 7 spell: Orb of Destruction
 59045 | Slime:5  | Killed the Royal Jelly
 59437 | Slime:5  | Got the Almanac of Ceraunoscopy
 59449 | Slime:5  | Identified the ring of Migosem {rC+ rCorr Int+3 Slay+2}
 59492 | Slime:5  | Identified the +8 broad axe "Ycaommocs" {pain, rElec rC-
                  | Dex+5 Stlth+}
 59495 | Slime:5  | Got the Handbook of Snow-white Blight
 59498 | Slime:5  | Identified the +8 dire flail "Zyumac" {elec, +Blink rElec
                  | rF- rCorr}
 59531 | Slime:5  | Identified the staff of Mastery {rC+ rN++ Str-4 Dex+3 Ice}
 59567 | Slime:5  | Got a slimy rune of Zot
 59577 | Slime:5  | Identified the +5 ring mail of Tioxo {Int+4}
 59580 | Slime:5  | Identified the +5 ice dragon scales of Theory {rF- rC++
                  | Str+4}
 59626 | Slime:5  | Identified the +8 plate armour of Rydoim {rN+ Dex+2}
 59928 | Depths:1 | Entered Level 1 of the Depths
 60499 | Depths:1 | Found Miaso's Neck Hole.
 60749 | Depths:1 | Found Igigaos's Antique Weapon Boutique.
 60893 | Depths:1 | Found Utekkak's Magic Scroll Boutique.
 60901 | Depths:1 | Bought a scroll of amnesia for 72 gold pieces
 60901 | Depths:1 | Bought a scroll of revelation for 135 gold pieces
 60901 | Depths:1 | Bought 2 scrolls of teleportation for 108 gold pieces
 60901 | Depths:1 | Bought a scroll of teleportation for 54 gold pieces
 61283 | Depths:1 | Found a gateway to Hell.
 61582 | Depths:2 | Reached XP level 24. HP: 178/192 MP: 7/44
 61647 | Depths:2 | Learned a level 8 spell: Maxwell's Capacitive Coupling
 61654 | Depths:2 | Found Besux's Assorted Antiques.
 61662 | Depths:2 | Bought a pair of embroidered gloves for 307 gold pieces
 61673 | Depths:2 | Bought a warped glass ring for 205 gold pieces
 61673 | Depths:2 | Identified the ring "Luilusk" {+Blink Will- Int-2 Slay+4
                  | SInv} (You bought it in a shop on level 2 of the Depths)
 61893 | Depths:2 | Found a white marble altar of Elyvilon.
 62278 | Depths:2 | a golden dragon changed into a caustic shrike
 62278 | Depths:2 | Noticed a caustic shrike (glowing shapeshifter)
 62280 | Depths:2 | a caustic shrike changed into a golden dragon
 62319 | Depths:2 | Identified the ring of Paxo {*Slow rC+ rN++ Str+6}
 62351 | Depths:2 | Reached skill level 15 in Earth Magic
 62369 | Depths:2 | Identified the ring "Xacrok" {Fire Int+3}
 62495 | Depths:2 | Identified the ring of Etwyulun {rF+ Will+ Int+6 Stlth-}
 62502 | Depths:2 | Identified the amulet "Mixt" {Faith Int+4 SInv}
 62704 | Depths:2 | Found an opulent altar of Gozag.
 62721 | Depths:2 | Found Luxoggir's Weapon Shoppe.
 62879 | Depths:2 | Found a one-way gate leading to the halls of Pandemonium.
 63114 | Depths:2 | Found Hizo's Jewellery Shop.
 63124 | Depths:2 | Found Osim's Assorted Antiques.
 63132 | Depths:2 | Bought a potion of curing for 93 gold pieces
 63132 | Depths:2 | Bought a scroll of blinking for 232 gold pieces
 63160 | Depths:2 | Identified a scroll of acquirement
 63161 | Depths:2 | Acquired 1038 gold pieces
 63182 | Depths:2 | Bought 2 potions of curing for 186 gold pieces
 63182 | Depths:2 | Bought an embroidered cloak for 232 gold pieces
 63404 | Depths:3 | Noticed Saint Roka
 63425 | Depths:3 | Killed Saint Roka
 64205 | Depths:3 | Found a one-way gateway to a ziggurat.
 64209 | Depths:3 | Found a one-way gate to the infinite horrors of the Abyss.
 64379 | Depths:4 | Entered Level 4 of the Depths
 64397 | Depths:4 | Noticed a caustic shrike
 64415 | Depths:3 | Killed a caustic shrike
 64712 | Depths:4 | Noticed a caustic shrike
 64712 | Depths:4 | Noticed a caustic shrike
 64716 | Depths:4 | Noticed a caustic shrike
 64726 | Depths:4 | Killed a caustic shrike
 64735 | Depths:4 | Killed a caustic shrike
 64737 | Depths:4 | Killed a caustic shrike
 65085 | Depths:4 | Noticed a caustic shrike
 65086 | Depths:4 | Noticed a caustic shrike
 65086 | Depths:4 | Noticed a caustic shrike
 65086 | Depths:4 | Noticed a caustic shrike
 65111 | Depths:4 | Killed a caustic shrike
 65112 | Depths:4 | Killed a caustic shrike
 65113 | Depths:4 | Killed a caustic shrike
 65117 | Depths:4 | Killed a caustic shrike
 65123 | Depths:4 | Reached XP level 25. HP: 80/201 MP: 23/44
 65415 | Depths:4 | Found a gate to the Realm of Zot.
 66241 | Crypt:1  | Entered Level 1 of the Crypt
 68314 | Crypt:3  | Entered Level 3 of the Crypt
 68424 | Crypt:3  | Reached skill level 15 in Transmutations
 69690 | Crypt:3  | Found a staircase to the Tomb.
 69707 | Crypt:3  | Noticed a dread lich
 69714 | Crypt:3  | Killed a dread lich
 69754 | Crypt:3  | Identified the staff of the Vine {rPois Dex+3 Earth}
 70044 | Crypt:3  | Reached skill level 15 in Conjurations
 70044 | Crypt:3  | Reached skill level 15 in Hexes
 70044 | Crypt:3  | Reached skill level 15 in Summonings
 70044 | Crypt:3  | Reached skill level 15 in Necromancy
 70044 | Crypt:3  | Reached skill level 15 in Translocations
 70044 | Crypt:3  | Reached skill level 15 in Fire Magic
 70044 | Crypt:3  | Reached skill level 15 in Ice Magic
 70044 | Crypt:3  | Reached skill level 15 in Air Magic
 70044 | Crypt:3  | Reached skill level 15 in Poison Magic
 70044 | Crypt:3  | Reached skill level 15 in Shapeshifting
 70505 | Zot:1    | Entered Level 1 of the Realm of Zot
 70832 | Zot:1    | Reached XP level 26. HP: 147/210 MP: 18/45
 71254 | Zot:1    | Identified the +0 scale mail of the Lobster {Str+2}
 71855 | Zot:1    | Noticed an orb of fire
 71861 | Zot:1    | Killed an orb of fire
 72267 | Zot:2    | Noticed a Killer Klown
 72271 | Zot:2    | Killed a Killer Klown
 73144 | Zot:3    | Found the +4 dragonskin cloak
 73144 | Zot:3    | Noticed Tiamat
 73273 | Zot:3    | Learned a level 3 spell: Ozocubu's Armour
 74120 | Zot:3    | Killed Tiamat
 75694 | Zot:5    | Entered Level 5 of the Realm of Zot
 75695 | Zot:5    | Noticed a dread lich
 75695 | Zot:5    | Noticed Towy's ghost (legendary MfGl)
 75695 | Zot:5    | Noticed Cuehoi Muffi's ghost (legendary TeBe)
 75695 | Zot:5    | Noticed a dread lich
 75695 | Zot:5    | Found an ancient bone altar of Kikubaaqudgha.
 75696 | Zot:5    | Noticed a dread lich
 76047 | Zot:5    | Reached XP level 27. HP: 185/219 MP: 25/45
 76380 | Zot:5    | Found a runed translucent gate.
 76380 | Zot:5    | Found a runed translucent gate.
 76380 | Zot:5    | Found a runed translucent gate.
 76412 | Zot:5    | Killed Cuehoi Muffi's ghost
 76416 | Zot:5    | Killed a dread lich
 76456 | Zot:5    | Killed a dread lich
 76460 | Zot:5    | Killed a dread lich
 76479 | Zot:5    | Identified the +0 cloak of Tade {rF+}
 76482 | Zot:5    | Identified the amulet "Peutanunk" {Acrobat Fly Dex+2}
 76490 | Zot:5    | Killed Towy's ghost
 77323 | Vaults:3 | Killed Mennas
 78837 | Vaults:4 | Learned a level 7 spell: Spellforged Servitor
 78839 | Vaults:5 | Entered Level 5 of the Vaults
 78857 | Vaults:5 | Noticed an ancient lich
 78867 | Vaults:5 | Killed an ancient lich
 79348 | Vaults:5 | Noticed an ancient lich
 79353 | Vaults:5 | Killed an ancient lich
 79454 | Vaults:5 | Noticed Xtahua
 79459 | Vaults:5 | Killed Xtahua
 79722 | Vaults:5 | Identified the ring of the Wary Mystics {rElec Will+ rCorr
                  | Str+4 Int-5}
 79790 | Vaults:5 | Identified the ring of Otiujal {+Blink rC+ rN+ Int-3 Dex+6}
 80096 | Vaults:5 | Identified the ring "Leackeh" {+Blink rC+ Str-5 Dex+6}
 80104 | Vaults:5 | Identified the +11 mace of True Grit {holy, rN+ Dex+2}
 80395 | Vaults:5 | Noticed Boris
 80444 | Vaults:5 | Killed Boris
 80715 | Vaults:5 | Got a silver rune of Zot
 80718 | Vaults:5 | Identified the +5 dagger of Sudden Death {spect, rF- rCorr
                  | Str+7 Int+2}
 80764 | Vaults:5 | Identified the +4 helmet of the Dice {rCorr Dex+3 SInv
                  | Stlth+}
 81368 | Pan      | Entered Pandemonium
 81514 | Pan      | Noticed Relocirr the pandemonium lord
 81530 | Pan      | Killed Relocirr the pandemonium lord
 82883 | Pan      | Gained mutation: Your spells are a little easier to cast,
                  | but a little less powerful. [a neqoxec]
 82954 | Pan      | Found an exit through the horrors of the Abyss.
 83063 | Pan      | Identified the +5 plate armour of Neuf Xocs {rCorr Dex-4
                  | Slay+3}
 83065 | Pan      | Identified the +10 spear of Xom's Grace {holy, Will+ Str-3
                  | Int+3 Dex+4}
 83082 | Pan      | Identified the +10 halberd of Painted Innocence {drain,
                  | Str+4}
 83086 | Pan      | Noticed Jaskun the pandemonium lord
 83101 | Pan      | Killed Jaskun the pandemonium lord
 83247 | Pan      | Got a demonic rune of Zot
 83573 | Pan      | Gained mutation: You occasionally lose the ability to drink
                  | potions when taking damage. [a neqoxec]
 83855 | Pan      | Found a transporter.
 84106 | Pan      | Found an exit through the horrors of the Abyss.
 84117 | Pan      | Learned a level 2 spell: Blink
 84334 | Pan      | Found a transporter.
 84626 | Pan      | Identified the +0 cloak of Intuition {Will+}
 84670 | Pan      | Identified the amulet "Ynataivu" {Acrobat Int+3}
 84784 | Pan      | Noticed Viadoh the pandemonium lord
 84794 | Pan      | Gained mutation: You sometimes lose your temper in combat.
                  | [a neqoxec]
 84837 | Pan      | Lost mutation: You occasionally lose the ability to drink
                  | potions when taking damage. [potion of mutation]
 84837 | Pan      | Lost mutation: Your spells are a little easier to cast, but
                  | a little less powerful. [potion of mutation]
 84837 | Pan      | Gained mutation: You are partially covered in iridescent
                  | scales. (AC +2) [potion of mutation]
 84837 | Pan      | Gained mutation: Your system is resistant to poisons.
                  | (rPois) [potion of mutation]
 84838 | Pan      | Lost mutation: You are partially covered in iridescent
                  | scales. (AC +2) [potion of mutation]
 84838 | Pan      | Lost mutation: You sometimes lose your temper in combat.
                  | [potion of mutation]
 84838 | Pan      | Gained mutation: You passively dampen the noise of your
                  | surroundings. [potion of mutation]
 84838 | Pan      | Gained mutation: Your mind is acute. (Int +4, Str/Dex -1)
                  | [potion of mutation]
 85840 | Pan      | Gained mutation: You are vulnerable to heat. (rF-) [a
                  | neqoxec]
 85855 | Pan      | Killed Viadoh the pandemonium lord
 86344 | Pan      | Entered the realm of Cerebov.
 86345 | Pan      | Lost mutation: Your system is resistant to poisons. (rPois)
                  | [potion of mutation]
 86345 | Pan      | Lost mutation: Your mind is acute. (Int +4, Str/Dex -1)
                  | [potion of mutation]
 86345 | Pan      | Lost mutation: You are vulnerable to heat. (rF-) [potion of
                  | mutation]
 86345 | Pan      | Gained mutation: You occasionally shout uncontrollably at
                  | your foes. [potion of mutation]
 86345 | Pan      | Gained mutation: You possess an exceptional clarity of
                  | mind. [potion of mutation]
 86865 | Pan      | Identified the +3 great mace "Sepsumicw" {spect, rCorr
                  | MP+9}
 86865 | Pan      | Identified the amulet "Plog" {Reflect Str+8 Int-4 SH+5}
 87264 | Pan      | Found the +6 sword of Cerebov {flame}
 87264 | Pan      | Noticed Cerebov
 87406 | Pan      | Identified the +12 rapier of the Ten Ultimatums {drain,
                  | rPois rF+ rC++ Will-}
 87527 | Pan      | Got the Atlas of the Polluted Whammy
 87540 | Pan      | Identified the ring of Onyppiun {rN+ Dex+6}
 87544 | Pan      | Identified the +8 short sword of Loongukk {elec, rN++
                  | Stlth+}
 87560 | Pan      | Identified the +0 falchion of Kismet {pain, rF+}
 87588 | Pan      | Killed Cerebov
 87633 | Pan      | Got a fiery rune of Zot
 87788 | Pan      | Found an exit through the horrors of the Abyss.
 87840 | Pan      | Noticed Doschiodo the pandemonium lord
 88412 | Pan      | Killed Doschiodo the pandemonium lord
 88869 | Pan      | Acquired a book of Annihilations
 89401 | Pan      | Found an exit through the horrors of the Abyss.
 89626 | Pan      | Noticed Qaetwic the pandemonium lord
 89629 | Pan      | Killed Qaetwic the pandemonium lord
 89669 | Pan      | Got the Lessons on Planar Bewitchment
 89976 | Pan      | Gained mutation: You occasionally lose the ability to drink
                  | potions when taking damage. [a cacodemon]
 91323 | Pan      | Noticed Tyhoenami the pandemonium lord
 91328 | Pan      | Killed Tyhoenami the pandemonium lord
 91948 | Pan      | Found a runed translucent door.
 92160 | Pan      | Gained mutation: Armour fits poorly on your strangely
                  | shaped body. [a neqoxec]
 92389 | Pan      | Identified the +5 mace "Nafexoeg" {protect, Dex+4}
 92721 | Pan      | Noticed Uruaqaw the pandemonium lord
 92724 | Pan      | Killed Uruaqaw the pandemonium lord
 93072 | Pan      | Entered the realm of Mnoleg.
 93262 | Pan      | Noticed Mnoleg
 93265 | Pan      | Killed Mnoleg
 93298 | Pan      | Got a glowing rune of Zot
 93675 | Pan      | Found an exit through the horrors of the Abyss.
 94306 | Pan      | Found a runed translucent door.
 94653 | Pan      | Noticed Leeho the pandemonium lord
 94661 | Pan      | Killed Leeho the pandemonium lord
 94696 | Pan      | Entered the realm of Lom Lobon.
 94696 | Pan      | Noticed Lom Lobon
 94987 | Pan      | Found an exit through the horrors of the Abyss.
 95579 | Pan      | Learned a level 8 spell: Lehudib's Crystal Spear
 95679 | Pan      | Killed Lom Lobon
 95692 | Pan      | Got a magical rune of Zot
 95786 | Pan      | Entered the realm of Gloorx Vloq.
 96091 | Pan      | Learned a level 9 spell: Polar Vortex
 96400 | Pan      | Found an exit through the horrors of the Abyss.
 96912 | Pan      | Noticed Gloorx Vloq
 97631 | Pan      | Killed Gloorx Vloq
 97721 | Pan      | Got a dark rune of Zot
 97877 | Pan      | Found an exit through the horrors of the Abyss.
 98031 | Pan      | Noticed Uhosyleo the pandemonium lord
 98052 | Pan      | Gained mutation: Your mind is acute. (Int +4, Str/Dex -1)
                  | [a cacodemon]
 98385 | Pan      | Killed Uhosyleo the pandemonium lord
 98409 | Pan      | Found an exit through the horrors of the Abyss.
 99147 | Pan      | Found an exit through the horrors of the Abyss.
 99437 | Pan      | Noticed Kuxapnes the pandemonium lord
 99461 | Pan      | Killed Kuxapnes the pandemonium lord
100020 | Pan      | Gained mutation: You occasionally lose the ability to read
                  | scrolls when taking damage. [a cacodemon]
100260 | Pan      | Found a huge runed translucent gate.
100287 | Pan      | Found a huge runed translucent gate.
100288 | Pan      | Found a huge runed translucent gate.
100288 | Pan      | Found a huge runed translucent gate.
100288 | Pan      | Found a huge runed translucent gate.
100288 | Pan      | Found a huge runed translucent gate.
100288 | Pan      | Found a huge runed translucent gate.
100298 | Pan      | Identified the +10 quarterstaff of Zoeg {heavy, *Noise
                  | Str+5}
100396 | Pan      | Noticed Wygoacvo the pandemonium lord
100403 | Pan      | Killed Wygoacvo the pandemonium lord
100581 | Pan      | Noticed Katoagig the pandemonium lord
100605 | Pan      | Killed Katoagig the pandemonium lord
100680 | Pan      | Gained mutation: Your magical capacity is low. (-10% MP) [a
                  | cacodemon]
100844 | Pan      | Found an exit through the horrors of the Abyss.
101150 | Pan      | Noticed Ugoagiuw the pandemonium lord
101407 | Pan      | Killed Ugoagiuw the pandemonium lord
101409 | Pan      | Gained mutation: You sometimes lose the ability to read
                  | scrolls when taking damage. [a neqoxec]
101550 | Pan      | Gained mutation: Your spells are a little easier to cast,
                  | but a little less powerful. [a neqoxec]
101550 | Pan      | Gained mutation: You are vulnerable to heat. (rF-) [a
                  | neqoxec]
101587 | Pan      | Gained mutation: You sometimes lose the ability to drink
                  | potions when taking damage. [a neqoxec]
101770 | Pan      | Lost mutation: Your mind is acute. (Int +4, Str/Dex -1) [a
                  | neqoxec]
102395 | Pan      | Noticed Miref the pandemonium lord
102469 | Pan      | Killed Miref the pandemonium lord
102481 | Depths:2 | Escaped Pandemonium
102483 | Depths:2 | Lost mutation: You sometimes lose the ability to drink
                  | potions when taking damage. [potion of mutation]
102483 | Depths:2 | Lost mutation: You occasionally shout uncontrollably at
                  | your foes. [potion of mutation]
102483 | Depths:2 | Lost mutation: Armour fits poorly on your strangely shaped
                  | body. [potion of mutation]
102483 | Depths:2 | Lost mutation: Your spells are a little easier to cast, but
                  | a little less powerful. [potion of mutation]
102483 | Depths:2 | Gained mutation: Your natural rate of healing is unusually
                  | fast. [potion of mutation]
102483 | Depths:2 | Gained mutation: You are clumsy. (Dex -2) [potion of
                  | mutation]
102484 | Depths:2 | Lost mutation: You are vulnerable to heat. (rF-) [potion of
                  | mutation]
102484 | Depths:2 | Lost mutation: Your magical capacity is low. (-10% MP)
                  | [potion of mutation]
102484 | Depths:2 | Gained mutation: You are robust. (+10% HP) [potion of
                  | mutation]
102484 | Depths:2 | Gained mutation: You have a somewhat thin skeletal
                  | structure. (Dex +2, Stealth+) [potion of mutation]
102485 | Depths:2 | Lost mutation: You passively dampen the noise of your
                  | surroundings. [potion of mutation]
102485 | Depths:2 | Lost mutation: Your natural rate of healing is unusually
                  | fast. [potion of mutation]
102485 | Depths:2 | Lost mutation: You have a somewhat thin skeletal structure.
                  | (Dex +2, Stealth+) [potion of mutation]
102485 | Depths:2 | Lost mutation: You are clumsy. (Dex -2) [potion of
                  | mutation]
102485 | Depths:2 | Gained mutation: You are vulnerable to cold. (rC-) [potion
                  | of mutation]
102485 | Depths:2 | Gained mutation: You have supernaturally acute eyesight.
                  | (SInv) [potion of mutation]
102486 | Depths:2 | Lost mutation: You are robust. (+10% HP) [potion of
                  | mutation]
102486 | Depths:2 | Lost mutation: You occasionally lose the ability to drink
                  | potions when taking damage. [potion of mutation]
102486 | Depths:2 | Lost mutation: You sometimes lose the ability to read
                  | scrolls when taking damage. [potion of mutation]
102486 | Depths:2 | Gained mutation: Your spells are a little easier to cast,
                  | but a little less powerful. [potion of mutation]
102486 | Depths:2 | Gained mutation: You passively map a small area around you.
                  | [potion of mutation]
102486 | Depths:2 | Gained mutation: You have sharp toenails. [potion of
                  | mutation]
102487 | Depths:2 | Lost mutation: Your spells are a little easier to cast, but
                  | a little less powerful. [potion of mutation]
102487 | Depths:2 | Lost mutation: You occasionally lose the ability to read
                  | scrolls when taking damage. [potion of mutation]
102487 | Depths:2 | Gained mutation: You are clumsy. (Dex -2) [potion of
                  | mutation]
102487 | Depths:2 | Gained mutation: You are robust. (+10% HP) [potion of
                  | mutation]
102680 | Depths:3 | Learned a level 9 spell: Shatter
102683 | Zig:1    | Entered Level 1 of a ziggurat
102703 | Zig:2    | Entered Level 2 of a ziggurat
102722 | Zig:2    | Acquired the +0 pair of boots of Gehenna {rElec Str-4
                  | Int+2}
102731 | Zig:3    | Entered Level 3 of a ziggurat
102762 | Zig:4    | Entered Level 4 of a ziggurat
102780 | Zig:5    | Entered Level 5 of a ziggurat
102888 | Zig:6    | Entered Level 6 of a ziggurat
102895 | Zig:6    | Noticed an orb of fire
102904 | Zig:6    | Killed an orb of fire
102947 | Zig:7    | Entered Level 7 of a ziggurat
102993 | Zig:7    | Identified the amulet of Moynoir {RegenMP rPois Str+4}
103008 | Zig:7    | Got the Anthology of Limited Liability
103075 | Zig:8    | Entered Level 8 of a ziggurat
103079 | Zig:8    | Noticed a dread lich
103079 | Zig:8    | Noticed a royal mummy
103080 | Zig:8    | Noticed a royal mummy
103082 | Zig:8    | Killed a dread lich
103082 | Zig:8    | Killed a royal mummy
103083 | Zig:8    | Killed a royal mummy
103121 | Zig:9    | Entered Level 9 of a ziggurat
103205 | Zig:10   | Entered Level 10 of a ziggurat
103213 | Zig:10   | Noticed a dread lich
103217 | Zig:10   | Killed a dread lich
103239 | Zig:10   | Identified the +11 great mace "Jigorud" {heavy, rC- Str+6
                  | Dex+3}
103244 | Zig:10   | Identified the +5 spear of the Fray {vamp, Str+6 Dex+3}
103245 | Zig:10   | Identified the +3 mace of Greed {protect, rC+ Dex+4}
103250 | Zig:11   | Entered Level 11 of a ziggurat
103258 | Zig:11   | Noticed a juggernaut
103262 | Zig:11   | Killed a juggernaut
103284 | Zig:11   | Identified the +10 ring mail of the Goldsmith {rN+ Regen+}
103405 | Zig:12   | Entered Level 12 of a ziggurat
103415 | Zig:12   | Noticed Zeevem the pandemonium lord
103415 | Zig:12   | Noticed Amaucvyi the pandemonium lord
103421 | Zig:12   | Killed Zeevem the pandemonium lord
103422 | Zig:12   | Killed Amaucvyi the pandemonium lord
103440 | Zig:12   | Identified the staff of Hell's Wrath {rPois Will+ Dex+5
                  | Poison}
103458 | Zig:13   | Entered Level 13 of a ziggurat
103461 | Zig:13   | Noticed a juggernaut
103462 | Zig:13   | Noticed a juggernaut
103467 | Zig:13   | Killed a juggernaut
103468 | Zig:13   | Killed a juggernaut
103481 | Zig:13   | Identified the staff "Doiroux" {rElec rC++ Air}
103489 | Zig:13   | Identified the staff of the Building Enemy {*Slow +Blink
                  | rN+ Dex+6 Necro}
103593 | Zig:14   | Entered Level 14 of a ziggurat
103607 | Zig:14   | Found the amulet of Vitality {RegenMP++ Regen++}
103683 | Zig:15   | Entered Level 15 of a ziggurat
103734 | Zig:15   | Identified the +0 leather armour of Sloth {rF+}
103735 | Zig:15   | Identified the staff "Gail" {rPois rN+ rCorr Dex+3 Necro}
103760 | Zig:16   | Entered Level 16 of a ziggurat
103787 | Zig:16   | Identified the +2 morningstar of Ijino {holy, Dex+2}
103792 | Zig:16   | Got the Notes on Inhalation
103800 | Zig:16   | Identified the staff of Fedhas's Outrage {rPois rC+ Earth}
103814 | Zig:16   | Identified the +9 shortbow "Boaloq" {elec, rElec}
103821 | Zig:17   | Entered Level 17 of a ziggurat
103880 | Zig:17   | Identified the +10 lajatang of the Manifold Things {speed,
                  | rElec rN+ Int+4}
103889 | Zig:17   | Identified the +6 dagger "Qowno" {spect, rC+}
103903 | Zig:18   | Entered Level 18 of a ziggurat
103912 | Zig:18   | Paralysed by an air elemental for 1 turns
103924 | Zig:18   | Found the +10 dark maul {heavy}
103933 | Zig:18   | Identified the +2 quarterstaff of Xodih {drain, rN+ Will+
                  | Stlth+}
103962 | Zig:19   | Entered Level 19 of a ziggurat
103976 | Zig:19   | Reached skill level 27 in Armour
104011 | Zig:19   | Identified the +1 leather armour of the Miller {Str+3}
104018 | Zig:19   | Identified the ring of Hihemiudd {*Slow rPois rF+ Will+
                  | Str+6}
104021 | Zig:19   | Identified the ring of Megalomania {Wiz *Corrode rPois rF+
                  | rN+}
104048 | Zig:19   | Identified the staff "Koemar" {rPois rN+ rCorr Poison}
104063 | Zig:19   | Learned a level 9 spell: Chain Lightning
104064 | Zig:20   | Entered Level 20 of a ziggurat
104075 | Zig:20   | Noticed a royal mummy
104076 | Zig:20   | Noticed a royal mummy
104077 | Zig:20   | Noticed a royal mummy
104077 | Zig:20   | Noticed a royal mummy
104079 | Zig:20   | Noticed a royal mummy
104079 | Zig:20   | Noticed a royal mummy
104079 | Zig:20   | Noticed a royal mummy
104079 | Zig:20   | Noticed a royal mummy
104081 | Zig:20   | Killed a royal mummy
104082 | Zig:20   | Killed a royal mummy
104082 | Zig:20   | Killed a royal mummy
104082 | Zig:20   | Killed a royal mummy
104082 | Zig:20   | Killed a royal mummy
104082 | Zig:20   | Killed a royal mummy
104083 | Zig:20   | Killed a royal mummy
104083 | Zig:20   | Killed a royal mummy
104101 | Zig:20   | Identified the +0 plate armour of Insurance {Harm Regen+
                  | Str+2 Int+3 Stlth-}
104109 | Zig:20   | Identified the +3 eveningstar of Midnight {heavy, rPois rN+
                  | Stlth+}
104113 | Zig:20   | Got the Directory of the Tropics
104122 | Zig:20   | Identified the +0 dire flail of the Reaper {heavy, rF+ rN+
                  | rCorr Str-2}
104147 | Zig:21   | Entered Level 21 of a ziggurat
104152 | Zig:21   | Noticed Juewurgh the pandemonium lord
104153 | Zig:21   | Noticed Keiz the pandemonium lord
104156 | Zig:21   | Noticed Wohabb the pandemonium lord
104156 | Zig:21   | Noticed Agrarius the pandemonium lord
104156 | Zig:21   | Noticed Sawk the pandemonium lord
104156 | Zig:21   | Noticed Fuofouch the pandemonium lord
104156 | Zig:21   | Noticed Gukhedoi the pandemonium lord
104156 | Zig:21   | Noticed Ugan Jia the pandemonium lord
104159 | Zig:21   | Noticed Zarogyggad the pandemonium lord
104161 | Zig:21   | Killed Agrarius the pandemonium lord
104162 | Zig:21   | Killed Keiz the pandemonium lord
104163 | Zig:21   | Noticed Dewao the pandemonium lord
104242 | Depths:3 | Lost mutation: You possess an exceptional clarity of mind.
                  | [potion of mutation]
104242 | Depths:3 | Lost mutation: You have sharp toenails. [potion of
                  | mutation]
104242 | Depths:3 | Lost mutation: You are vulnerable to cold. (rC-) [potion of
                  | mutation]
104242 | Depths:3 | Lost mutation: You passively map a small area around you.
                  | [potion of mutation]
104242 | Depths:3 | Gained mutation: Your mind is acute. (Int +4, Str/Dex -1)
                  | [potion of mutation]
104242 | Depths:3 | Gained mutation: You passively dampen the noise of your
                  | surroundings. [potion of mutation]
104242 | Depths:3 | Gained mutation: You expend magic power (3 MP) to
                  | strengthen your wands. [potion of mutation]
104268 | Depths:3 | Voluntarily entered the Abyss.
104268 | Abyss:1  | Found a corrupted altar of Lugonu.
104268 | Abyss:1  | Found a corrupted altar of Lugonu.
104379 | Abyss:1  | Found a corrupted altar of Lugonu.
104590 | Abyss:2  | Found a corrupted altar of Lugonu.
104655 | Abyss:3  | Found a corrupted altar of Lugonu.
104658 | Abyss:3  | Found a corrupted altar of Lugonu.
104666 | Abyss:3  | Found a corrupted altar of Lugonu.
104670 | Abyss:3  | Found a corrupted altar of Lugonu.
104670 | Abyss:3  | Found a corrupted altar of Lugonu.
104670 | Abyss:3  | Found a corrupted altar of Lugonu.
104670 | Abyss:3  | Found a corrupted altar of Lugonu.
104753 | Abyss:3  | Got an abyssal rune of Zot
104763 | Depths:3 | Escaped the Abyss
104776 | Hell     | Entered the Vestibule of Hell
104776 | Hell     | Noticed Geryon
104782 | Hell     | Killed Geryon
104831 | Hell     | Found a gateway to the ashen valley of Gehenna.
104849 | Geh:1    | Entered Level 1 of Gehenna
105663 | Geh:7    | Entered Level 7 of Gehenna
106579 | Geh:7    | Identified the +4 pair of gloves of Yqio {rF++ Int-3}
106675 | Geh:7    | Found the +13 sceptre of Asmodeus
106675 | Geh:7    | Noticed Asmodeus
106684 | Geh:7    | Killed Asmodeus
106775 | Geh:7    | Found the +9 staff of Olgreb {rPois∞}
106807 | Geh:7    | Identified the staff "Caiskei" {rElec rC+ rN+ Air}
106822 | Geh:7    | Got an obsidian rune of Zot
107178 | Hell     | Found a gateway to the decaying netherworld of Tartarus.
107187 | Tar:1    | Entered Level 1 of Tartarus
107250 | Tar:2    | Noticed a dread lich
107250 | Tar:2    | Noticed an ancient lich
107250 | Tar:2    | Noticed an ancient lich
107252 | Tar:2    | Killed an ancient lich
107252 | Tar:2    | Killed a dread lich
107253 | Tar:2    | Killed an ancient lich
107323 | Abyss:4  | Found a corrupted altar of Lugonu.
107323 | Abyss:4  | Cast into level 4 of the Abyss (profane servitor)
107451 | Abyss:4  | Found a corrupted altar of Lugonu.
107523 | Tar:2    | Escaped the Abyss
107846 | Tar:3    | You are sucked into a shaft and drop 1 floor!
108192 | Tar:7    | Entered Level 7 of Tartarus
108398 | Tar:7    | Reached skill level 27 in Invocations
108400 | Tar:7    | Reached skill level 27 in Staves
108400 | Tar:7    | Identified the +10 halberd "Fydadut" {elec, Int+3}
108413 | Tar:7    | Identified the +4 hand axe "Ydog" {drain, Str+6}
108607 | Tar:7    | Reached skill level 27 in Fighting
108708 | Tar:7    | Noticed Ereshkigal
108710 | Tar:7    | Paralysed by Ereshkigal for 2 turns
108756 | Tar:7    | Killed Ereshkigal
108781 | Tar:7    | Got a bone rune of Zot
108844 | Tar:7    | Noticed a dread lich
108870 | Tar:7    | Noticed an ancient lich
108874 | Tar:7    | Killed an ancient lich
108875 | Tar:7    | Found the +5 Lochaber axe {reach-cleave, Poleaxe Drain}
108883 | Tar:7    | Identified the +3 chain mail of the Immovable Lives {Int+3}
109069 | Tar:7    | Noticed a dread lich
109080 | Tar:7    | Killed a dread lich
109139 | Tar:7    | Killed a dread lich
109232 | Tar:7    | Identified the ring of Fallacy {Fly rF+ rC+ Str-2}
109235 | Tar:7    | Identified the +0 long sword of Ugoqaug {holy, Dex+2}
109243 | Tar:7    | Identified the ring "Naos" {rC+ MP+9}
109270 | Tar:7    | Identified the +6 ring mail "Amuom" {Int+5}
109285 | Tar:7    | Identified the staff of Guile {rElec Str+3 Int+5 Air}
109407 | Hell     | Found a gateway to the freezing wastes of Cocytus.
109421 | Coc:1    | Entered Level 1 of Cocytus
109423 | Coc:1    | Noticed a juggernaut
109428 | Coc:1    | Killed a juggernaut
109574 | Coc:2    | Paralysed by a wendigo for 1 turns
109816 | Coc:4    | Noticed an ancient lich
109821 | Coc:4    | Killed an ancient lich
110047 | Coc:5    | You fall into a shaft and drop 1 floor!
110096 | Coc:7    | Entered Level 7 of Cocytus
110238 | Coc:7    | Paralysed by a wendigo for 1 turns
110700 | Coc:7    | Paralysed by a wendigo for 1 turns
110968 | Coc:7    | Noticed Antaeus
111157 | Coc:7    | Killed Antaeus
111188 | Coc:7    | Identified the +5 short sword "Nuezo" {heavy, rElec rC+}
111207 | Coc:7    | Got an icy rune of Zot
111427 | Hell     | Found a gateway to the Iron City of Dis.
111496 | Dis:1    | Entered Level 1 of the Iron City of Dis
111992 | Dis:6    | Found a huge runed gate.
111992 | Dis:6    | Found a huge runed gate.
111992 | Dis:6    | Found a huge runed gate.
111992 | Dis:6    | Found a huge runed gate.
111992 | Dis:6    | Found a huge runed gate.
111992 | Dis:6    | Found a huge runed gate.
111992 | Dis:6    | Found a huge runed gate.
111992 | Dis:6    | Found a huge runed gate.
112118 | Dis:6    | Reached skill level 27 in Spellcasting
112229 | Dis:4    | Reached skill level 27 in Dodging
112302 | Dis:6    | Reached skill level 27 in Stealth
112390 | Dis:6    | Found a huge runed gate.
112390 | Dis:6    | Found a huge runed gate.
112391 | Dis:6    | Found a huge runed gate.
112417 | Dis:7    | Entered Level 7 of the Iron City of Dis
112772 | Dis:7    | Reached skill level 27 in Short Blades
112772 | Dis:7    | Reached skill level 27 in Long Blades
112772 | Dis:7    | Reached skill level 27 in Axes
112772 | Dis:7    | Reached skill level 27 in Maces & Flails
112772 | Dis:7    | Reached skill level 27 in Polearms
112772 | Dis:7    | Reached skill level 27 in Ranged Weapons
112772 | Dis:7    | Reached skill level 27 in Throwing
112772 | Dis:7    | Reached skill level 27 in Shields
112772 | Dis:7    | Reached skill level 27 in Unarmed Combat
112772 | Dis:7    | Reached skill level 27 in Evocations
113190 | Dis:7    | Noticed Dispater
113321 | Dis:7    | Noticed a juggernaut
113324 | Dis:7    | Killed a juggernaut
113365 | Dis:7    | Noticed the Serpent of Hell
113368 | Dis:7    | Killed the Serpent of Hell
113369 | Dis:7    | Identified the +10 great sword of the Oracle {drain, rPois}
113371 | Dis:7    | Killed Dispater
113385 | Dis:7    | Got Sif Muna's Grimoire of Noxious Spooky Spells
113387 | Dis:7    | Got an iron rune of Zot
113392 | Dis:7    | Got the Almanac of Misfortune and Heat
114137 | Tomb:1   | Entered Level 1 of the Tomb of the Ancients
114177 | Tomb:1   | Identified the +7 long sword of Reason {flame, Stlth+}
114510 | Tomb:1   | Noticed a royal mummy
114511 | Tomb:1   | Noticed a royal mummy
114519 | Tomb:1   | Killed a royal mummy
114524 | Tomb:1   | Killed a royal mummy
114829 | Tomb:1   | Noticed a royal mummy
114831 | Tomb:1   | Noticed a royal mummy
114835 | Tomb:1   | Killed a royal mummy
114838 | Tomb:1   | Killed a royal mummy
114848 | Tomb:1   | Noticed a royal mummy
114862 | Tomb:1   | Killed a royal mummy
114867 | Tomb:1   | Noticed a royal mummy
114878 | Tomb:1   | Killed a royal mummy
114881 | Tomb:1   | Noticed a royal mummy
114887 | Tomb:1   | Killed a royal mummy
114927 | Tomb:1   | Noticed a royal mummy
114934 | Tomb:1   | Noticed a royal mummy
114937 | Tomb:1   | Killed a royal mummy
114955 | Tomb:1   | Killed a royal mummy
114958 | Tomb:1   | Noticed a royal mummy
114959 | Tomb:1   | Noticed a royal mummy
114960 | Tomb:1   | Noticed a royal mummy
114962 | Tomb:1   | Noticed a royal mummy
114970 | Tomb:1   | Killed a royal mummy
114970 | Tomb:1   | Killed a royal mummy
114973 | Tomb:1   | Killed a royal mummy
114980 | Tomb:1   | Killed a royal mummy
115067 | Tomb:1   | Noticed a royal mummy
115076 | Tomb:1   | Killed a royal mummy
115077 | Tomb:1   | Noticed a royal mummy
115084 | Tomb:1   | Killed a royal mummy
115126 | Tomb:1   | Noticed a royal mummy
115128 | Tomb:1   | Noticed a royal mummy
115132 | Tomb:1   | Noticed a royal mummy
115137 | Tomb:1   | Killed a royal mummy
115138 | Tomb:1   | Noticed a royal mummy
115140 | Tomb:1   | Killed a royal mummy
115141 | Tomb:1   | Killed a royal mummy
115150 | Tomb:1   | Killed a royal mummy
115445 | Tomb:2   | Noticed a royal mummy
115445 | Tomb:2   | Noticed a royal mummy
115445 | Tomb:2   | Noticed a royal mummy
115445 | Tomb:2   | Noticed a royal mummy
115456 | Tomb:2   | Killed a royal mummy
115461 | Tomb:1   | Killed a royal mummy
115584 | Tomb:1   | Killed a royal mummy
115750 | Tomb:2   | Identified the +0 robe of Vanity {rF+++ Int-3 SInv Stlth-}
115784 | Tomb:2   | Killed a royal mummy
115979 | Tomb:3   | Entered Level 3 of the Tomb of the Ancients
116002 | Tomb:3   | Noticed a royal mummy
116003 | Tomb:3   | Noticed a royal mummy
116012 | Tomb:3   | Noticed a royal mummy
116012 | Tomb:3   | Noticed a royal mummy
116017 | Tomb:3   | Noticed a royal mummy
116019 | Tomb:3   | Got a golden rune of Zot
116730 | Zot:5    | Noticed an orb of fire
116733 | Zot:5    | Killed an orb of fire
116792 | Zot:5    | Noticed an orb of fire
116795 | Zot:5    | Killed an orb of fire
116815 | Zot:5    | Noticed a dread lich
116817 | Zot:5    | Killed a dread lich
116910 | Zot:5    | Noticed an orb of fire
116913 | Zot:5    | Killed an orb of fire
116919 | Zot:5    | Noticed an orb of fire
116920 | Zot:5    | Noticed a dread lich
116924 | Zot:5    | Killed an orb of fire
116924 | Zot:5    | Killed a dread lich
116929 | Zot:5    | Noticed an orb of fire
116931 | Zot:5    | Noticed an orb of fire
116932 | Zot:5    | Gained mutation: You sometimes lose your temper in combat.
                  | [an orb of fire]
116933 | Zot:5    | Gained mutation: You occasionally lose the ability to drink
                  | potions when taking damage. [an orb of fire]
116934 | Zot:5    | Noticed an orb of fire
116936 | Zot:5    | Killed an orb of fire
116938 | Zot:5    | Killed an orb of fire
116938 | Zot:5    | Gained mutation: You have hidden genetic defects. [an orb
                  | of fire]
116940 | Zot:5    | Killed an orb of fire
116948 | Zot:5    | Lost mutation: You passively dampen the noise of your
                  | surroundings. [potion of mutation]
116948 | Zot:5    | Lost mutation: You expend magic power (3 MP) to strengthen
                  | your wands. [potion of mutation]
116948 | Zot:5    | Lost mutation: You sometimes lose your temper in combat.
                  | [potion of mutation]
116948 | Zot:5    | Lost mutation: You have hidden genetic defects. [potion of
                  | mutation]
117168 | Zot:5    | Got the Orb of Zot
117259 | Zot:3    | Noticed Boipp the pandemonium lord
117390 | Depths:1 | Noticed Iwequgufa the pandemonium lord
117639 | D:9      | Noticed Ilunic the pandemonium lord
117646 | D:9      | Noticed Yreutz the pandemonium lord
117769 | D:2      | Noticed Efaima the pandemonium lord
117771 | D:2      | Killed Efaima the pandemonium lord
117804 | D:$      | Escaped with the Orb!

Illustrated notes

Levels and vault maps discovered:
D:1:      ldierk_walled_garden_2, layout_basic
D:2:      layout_loops_cross, minmay_joined_circles
D:3:      layout_basic, hellmonk_ecumenical_altar_blasted, feat_on_display
D:4:      layout_basic, nicolae_vehumet_radiance, uniq_pargi, uniq_robin
D:5:      layout_rooms, kennysheep_vampire_church, general_overflow_altar,
          lemuel_doored_altar, mainiacjoe_overflow_six_doors_small,
          doesnt_xom_only_xom, dreamdust_princess_bridge,
          roderic_serpentine_path
D:6:      layout_loops_ring, nicolae_overflow_hallway_of_the_gods,
          cheibrodos_sewer_entry_drain
D:7:      layout_basic, mainiacjoe_overflow_tiny_flanked,
          minmay_temple_entry_gardened_gates, gammafunk_ghost_berserking_beasts,
          nicolae_shop_vocational
D:8:      layout_loops_corners, nemelex_xobeh_ov_fountains_minmay, uniq_maurice
D:9:      layout_big_octagon, zombieorc2_lemuel, hellmonk_guarded_unrand_gong
D:10:     layout_rooms, mainiacjoe_overflow_alcove_1
D:11:     layout_irregular_city, hellmonk_lair_entry_icy,
          nicolae_houndstooth_variations
D:12:     layout_grid_maze
D:13:     layout_basic, grunt_vaults_entry_tiered, ebering_ghost_gozag,
          serial_shops, nicolae_shop_crystal, portal_ice_cave_entry_imps,
          uniq_lodul
D:14:     layout_rooms, gauntlet_entry_generic, minmay_misc_feat_alley
D:15:     hangedman_depths_entry_civil_slaughter, layout_gridville,
          serial_glass, glass_columns_a, glass_columns_a, glass_columns_c,
          glass_columns_c, glass_columns_b, glass_columns_a, glass_columns_a,
          glass_columns_c
Lair:1:   layout_regular_city
Lair:2:   layout_roguey, st_stairs_3, nzn_sisyphean_effort
Lair:3:   minmay_lair_oklob_tunnel, layout_long_grid, elwin_shoals_entry_stream,
          guppyfry_snake_entry_island
Lair:4:   layout_hall_layers, minmay_slime_entry_eyes, grunt_megastairs_3
Lair:5:   hangedman_lair_tendril_chambers, layout_cave_pods, basic_altar
Shoals:1: layout_shoals, uniq_jorgrun
Shoals:2: layout_shoals, nicolae_shoals_circle_sea_wall
Shoals:3: dreamdust_from_the_deep, layout_shoals, ebering_ghost_rock_garden,
          serial_shops, nicolae_shop_trees, uniq_polyphemus, uniq_ilsuiw
Shoals:4: shoals_end_grunt_ice, layout_shoals, ebering_ghost_inner_flame
Snake:1:  layout_misc_corridors, hellmonk_ghost_happy_afterlife,
          statue_in_the_mist_lemuel, minmay_shop_star, serial_bayou_shore_a,
          uniq_aizul
Snake:2:  layout_cave_town, nicolae_snake_double_loop,
          nicolae_large_snake_swirl, uniq_mlioglotl
Snake:3:  layout_cave_pods, ebering_ghost_xom, drop_trap, grunt_megastairs_4
Snake:4:  grunt_snake_rune_serpentine_throne, layout_concentric_octagons,
          nicolae_snake_serpentine_hallways
Slime:1:  layout_caves
Slime:2:  layout_caves
Slime:3:  layout_caves
Slime:4:  nicolae_slime_pool, layout_caves
Slime:5:  slime_pit_nicolae_amoeboid
Orc:1:    nicolae_orc_accident_2, layout_caves, david_defended_altar_orc
Orc:2:    kennysheep_orc_mage_school, layout_caves
Elf:1:    eino_elf_arrival_sip, layout_geoelf_diagonals,
          hangedman_corner_corridor, roderic_lattice_octagonal_star,
          uniq_azrael, uniq_nikola, uniq_roxanne
Elf:2:    nicolae_elf_blades_crystal_corner, layout_loops_corners
Elf:3:    minmay_elf_hall_x, layout_geoelf_octagon, serial_shops, shop,
          hex_tiny, amcnicky_mini_rare_corridor_liquid,
          nicolae_elf_glass_and_crystal_pillar_2,
          nicolae_gammafunk_elf_defective_weapons_storage
Vaults:1: nicolae_vaults_house_1, nicolae_vaults_storage_closets_2,
          vaults_room_stairs_pillars, v_misc_3, hangedman_vaults_capsules,
          vaults_room_grunt_arrival_ludios, nicolae_vaults_little_squares_6,
          vaults_room_grunt_arrival_checkpoint, layout_vaults_quadrants
Vaults:2: vaults_mumra_hex, nicolae_vaults_little_ls,
          nicolae_vaults_doubleplus_tesselated, nicolae_vaults_double_plus_3,
          nicolae_vaults_oozy_zoo, ontoclasm_vaults_claustrophobia,
          nicolae_vaults_sesquioval_fish, nicolae_vaults_little_squares_5,
          vaults_dpeg_diagonal, nicolae_vaults_mini_display_case,
          nicolae_vaults_sesquioval_fish, nicolae_vaults_tetromino_Z_2,
          nicolae_vaults_storage_closets_1, nicolae_vaults_storage_room_doors,
          layout_vaults_omnicross
Vaults:3: nicolae_vaults_little_squares_2, ontoclasm_vaults_ligature,
          ontoclasm_vaults_ring_small, vaults_standard_mumra_lines,
          nicolae_vaults_network_quincunx
          [nicolae_vaults_network_quincunx_subvault,
          nicolae_vaults_network_quincunx_subvault,
          nicolae_vaults_network_quincunx_subvault,
          nicolae_vaults_network_quincunx_subvault,
          nicolae_vaults_network_quincunx_subvault], v_misc_2,
          minmay_crypt_entry_simple_sparse, nicolae_vaults_storage_room_glass,
          nicolae_vaults_little_squares_1, nicolae_vaults_ellipses_ellipsis,
          nicolae_vaults_little_squares_2, ontoclasm_vaults_ring_small,
          layout_vaults_maze, serial_shops, shop, uniq_mennas
Vaults:4: mu_enter_wizlab_6, vaults_mumra_lcd, hangedman_vaults_maws,
          v_pattern_3, nicolae_vaults_twisting_passages,
          ontoclasm_vaults_decontamination, v_misc_26, ontoclasm_vaults_fault,
          v_misc_27, vaults_mumra_minichess_inversion, layout_vaults_big_room,
          serial_shops, shop
Vaults:5: uniq_boris, uniq_xtahua
Crypt:1:  layout_rooms, grunt_crypt_arrival_guarded_gate
Crypt:2:  layout_basic, skrybe_necro_troll_1, lemuel_elevator
Crypt:3:  quadcrypt_mu
Tomb:1
Tomb:2
Tomb:3
Depths:1: layout_forbidden_donut, abandoned_shop, hell_entry, serial_glass,
          glass_columns_b, glass_columns_b, serial_shops, shop_statue,
          nicolae_shop_peninsula, nicolae_shop_sticking_my_neck_out
Depths:2: minmay_the_grid_triangle_9x9_rhombus_full_mashed
          [minmay_the_grid_triangle_9x9_skeleton,
          minmay_the_grid_triangle_9x9_odd_lines,
          minmay_the_grid_triangle_9x9_sparse_checkered,
          minmay_the_grid_triangle_9x9_longest,
          minmay_the_grid_triangle_9x9_steps,
          minmay_the_grid_triangle_9x9_zippers_vertical,
          minmay_the_grid_triangle_9x9_corrupted_corridor,
          minmay_the_grid_triangle_9x9_prize_special], layout_cave_shapes,
          serial_shops, shop, nicolae_shop_tiny_waterfront, shop, shop,
          hell_entry, nicolae_gozag_seed_capital, grunt_pan_entry_sceptre,
          serial_co_window_serial, co_window_paths_b, co_window_paths_a,
          co_window_of_opportunity_a, co_window_paths_a,
          co_window_of_opportunity_a, co_window_paths_c, co_window_corner_cb,
          co_window_broadway_b, co_window_of_opportunity_c, co_window_paths_c,
          co_window_paths_d, glass_columns_b, glass_columns_c,
          nicolae_elyvilon_peaceful_grove
Depths:3: nicolae_cairo_tiling_large_dashed, layout_cave_pools,
          enter_ziggurat_e, rand_demon_pan_entry_5, abyss_entry,
          kennysheep_minor_cross, hell_entry, uniq_saint_roka
Depths:4: grunt_zot_entry_tricorne, layout_gridville, abyss_entry,
          minmay_misc_feat_diagonals, pf_hell_entry_tar_river, st_stairs_13,
          minmay_misc_feat_room, minmay_misc_feat_five, drop_trap
Hell
Dis:1:    layout_subdivisions
Dis:2:    layout_gridville
Dis:3:    layout_subdivisions, nicolae_dis_scattering
Dis:4:    layout_gridville
Dis:5:    layout_subdivisions
Dis:6:    hangedman_dis_monolith, layout_regular_city, door_vault
Dis:7:    dis_st
Geh:1:    layout_gehenna_pools_box, nicolae_geh_niches_of_the_damned
Geh:2:    layout_gehenna_pools_triple, nicolae_geh_single_fiery_grave,
          nicolae_geh_lava_shack
Geh:3:    nicolae_hells_giants_party, layout_gehenna_pools_basic
Geh:4:    layout_gehenna_pools_basic
Geh:5:    layout_gehenna_pools_basic
Geh:6:    layout_gehenna_lava_caves
Geh:7:    geh_mu
Coc:1:    nicolae_hells_titanomachy
Coc:2:    nicolae_coc_through_the_icewall, layout_cocytus_water_paths
Coc:3:    nicolae_coc_three_mouths, layout_cocytus_water_paths
Coc:4:    layout_cocytus_delve
Coc:5:    layout_cocytus_delve
Coc:6:    layout_cocytus_water_paths
Coc:7:    coc_old
Tar:1:    layout_grid_maze
Tar:2:    layout_catacombs, nicolae_tar_liches_on_tour
Tar:3:    nicolae_tar_entranced, layout_cathedral_of_symmetry
Tar:4:    layout_grid_maze, grunt_tartarus_stairs_gauntlet_trap
Tar:5:    layout_honeycomb
Tar:6:    layout_grid_maze
Tar:7:    tar_old
Zot:1:    layout_basic, grunt_megastairs_1
Zot:2:    layout_gridlike, grunt_ministairs_15, grunt_megastairs_5
Zot:3:    layout_twisted_circle, uniq_tiamat
Zot:4:    kennysheep_bubbly, layout_basic
Zot:5:    layout_cathedral_of_symmetry, gammafunk_ghost_crypt,
          grunt_ministairs_12

Skill      XL: |  1  2  3  4  5  6  7  8  9 10 11 12 13 14 15 16 17 18 19 20 21 22 23 24 25 26 27 |
---------------+----------------------------------------------------------------------------------+-----
Transmutations | 2 4 5 6 7 8 9 10 11 12 13 14 15 25 | 25.0
Spellcasting   | 5 7 8 9 10 11 12 13 14 15 16 17 18 27 | 27.0
Invocations    | 1 2 5 6 7 8 9 10 11 12 13 14 15 16 17 18 19 27 | 27.0
Fighting       | 1 5 6 7 8 9 10 11 12 13 14 15 16 17 18 27 | 27.0
Short Blades   | 1 5 6 7 8 9 10 11 12 13 14 15 16 17 18 27 | 27.0
Long Blades    | 1 5 6 7 8 9 10 11 12 13 14 15 16 17 18 27 | 27.0
Axes           | 1 5 6 7 8 9 10 11 12 13 14 15 16 17 18 27 | 27.0
Maces & Flails | 1 5 6 7 8 9 10 11 12 13 14 15 16 17 18 27 | 27.0
Polearms       | 1 5 6 7 8 9 10 11 12 13 14 15 16 17 18 27 | 27.0
Staves         | 1 5 6 7 8 9 10 11 12 13 14 15 16 17 18 27 | 27.0
Ranged Weapons | 1 5 6 7 8 9 10 11 12 13 14 15 16 17 18 27 | 27.0
Throwing       | 1 5 6 7 8 9 10 11 12 13 14 15 16 17 18 27 | 27.0
Armour         | 1 5 6 7 8 9 10 11 12 13 14 15 16 17 18 27 | 27.0
Shields        | 1 5 6 7 8 9 10 11 12 13 14 15 16 17 18 27 | 27.0
Unarmed Combat | 1 5 6 7 8 9 10 11 12 13 14 15 16 17 18 27 | 27.0
Evocations     | 1 5 6 7 8 9 10 11 12 13 14 15 16 17 18 27 | 27.0
Conjurations   | 1 4 5 6 7 8 9 10 11 12 13 14 15 25 | 25.0
Hexes          | 1 4 5 6 7 8 9 10 11 12 13 14 15 25 | 25.0
Summonings     | 1 4 5 6 7 8 9 10 11 12 13 14 15 25 | 25.0
Necromancy     | 1 4 5 6 7 8 9 10 11 12 13 14 15 25 | 25.0
Translocations | 1 4 5 6 7 8 9 10 11 12 13 14 15 25 | 25.0
Fire Magic     | 1 4 5 6 7 8 9 10 11 12 13 14 15 25 | 25.0
Ice Magic      | 1 4 5 6 7 8 9 10 11 12 13 14 15 25 | 25.0
Air Magic      | 1 4 5 6 7 8 9 10 11 12 13 14 15 25 | 25.0
Poison Magic   | 1 4 5 6 7 8 9 10 11 12 13 14 15 25 | 25.0
Shapeshifting  | 1 4 5 6 7 8 9 10 11 12 13 14 15 25 | 25.0
Dodging        | 6 7 8 9 10 11 12 13 14 15 16 17 18 27 | 27.0
Stealth        | 6 7 8 9 10 11 12 13 14 15 16 17 18 27 | 27.0
Earth Magic    | 6 7 8 9 10 11 12 13 14 15 16 25 | 25.4

Action                     |  1- 3 |  4- 6 |  7- 9 | 10-12 | 13-15 | 16-18 | 19-21 | 22-24 | 25-27 || total
---------------------------+-------+-------+-------+-------+-------+-------+-------+-------+-------++-------
  Melee: Unarmed           |     1 |       |       |       |       |       |       |       |       ||     1
         Staff             |     2 |    23 |    89 |   357 |   730 |  1106 |  1881 |   901 |  6247 || 11336
         Bite              |       |     3 |    11 |    64 |   131 |   189 |   399 |   203 |  1392 ||  2392
         Punch             |       |       |     1 |    28 |    14 |     9 |       |       |       ||    52
         Kick              |       |       |       |       |       |       |       |       |    31 ||    31
   Cast: Sandblast         |    38 |    64 |   180 |   308 |   106 |     8 |     1 |     1 |       ||   706
         Stone Arrow       |       |       |     2 |    49 |   133 |    59 |    22 |     4 |       ||   269
         Passwall          |       |       |     1 |     1 |     4 |     4 |     3 |     1 |     9 ||    23
         Borgnjor's Vile C |       |       |       |    14 |   112 |   134 |   148 |   150 |   285 ||   843
         Vampiric Draining |       |       |       |     2 |     1 |       |       |       |       ||     3
         Sublimation of Bl |       |       |       |       |    17 |   128 |    85 |   112 |   146 ||   488
         Irradiate         |       |       |       |       |     3 |    33 |    24 |    28 |    38 ||   126
         Lee's Rapid Decon |       |       |       |       |       |   153 |    86 |    26 |    51 ||   316
         Summon Mana Viper |       |       |       |       |       |     4 |    89 |    29 |    19 ||   141
         Ozocubu's Refrige |       |       |       |       |       |     2 |    18 |    65 |   372 ||   457
         Haunt             |       |       |       |       |       |       |     8 |   276 |   392 ||   676
         Orb of Destructio |       |       |       |       |       |       |       |     2 |       ||     2
         Maxwell's Capacit |       |       |       |       |       |       |       |       |   266 ||   266
         Polar Vortex      |       |       |       |       |       |       |       |       |   297 ||   297
         Shatter           |       |       |       |       |       |       |       |       |   133 ||   133
         Spellforged Servi |       |       |       |       |       |       |       |       |    59 ||    59
         Chain Lightning   |       |       |       |       |       |       |       |       |    33 ||    33
         Lehudib's Crystal |       |       |       |       |       |       |       |       |    13 ||    13
         Blink             |       |       |       |       |       |       |       |       |     2 ||     2
         Ozocubu's Armour  |       |       |       |       |       |       |       |       |     1 ||     1
 Invoke: Receive Forbidden |       |       |       |       |     1 |       |       |       |       ||     1
Ability: Evoke Blink       |       |       |       |       |     3 |       |     1 |     6 |     3 ||    13
         Begin Untransform |       |       |       |       |       |       |       |       |     3 ||     3
  Evoke: Wand              |       |       |       |     6 |    11 |       |     1 |     1 |    16 ||    35
         Lightning rod     |       |       |       |       |     2 |     1 |       |       |       ||     3
    Use: Potion            |       |     2 |     2 |       |     3 |     1 |     5 |     8 |    45 ||    66
         Scroll            |       |       |     5 |    17 |    10 |     2 |     7 |     5 |    46 ||    92
   Stab: Sleeping          |       |     3 |     1 |     4 |    10 |    19 |    17 |     2 |    38 ||    94
         Paralysed         |       |       |       |    18 |    17 |       |       |       |       ||    35
         Distracted        |       |       |       |       |     1 |     3 |    17 |    15 |   120 ||   156
         Petrified         |       |       |       |       |       |       |    16 |       |       ||    16
         Invisible         |       |       |       |       |       |       |       |       |     1 ||     1
 Armour: Robe              |     4 |    27 |    61 |       |       |       |       |       |       ||    92
         Steam dragon scal |       |       |    12 |   228 |   174 |       |       |       |       ||   414
         Troll leather arm |       |       |       |       |   142 |   247 |   336 |   293 |   309 ||  1327
         Skin              |       |       |       |       |       |       |       |       |  2339 ||  2339
  Dodge: Dodged            |    14 |    37 |   151 |   463 |   702 |   602 |   888 |   728 |  5647 ||  9232
  Block: Buckler           |       |       |       |       |   228 |   349 |   556 |   415 |  3377 ||  4925
   Form: Statue            |       |       |       |       |       |       |     1 |       |    11 ||    12
                           |       |       |       |       |       |       |     1 |       |     7 ||     8

Table legend: (Time is in decaauts)
 A = Elapsed time spent in this place.
 B = Non-inter-level travel time spent in this place.
 C = Inter-level travel time spent in this place.
 D = Time resting spent in this place.
 E = Time spent auto-exploring this place.
 F = Levels seen in this place.
 G = Mean time per level.
                   A        B        C        D        E       F      G
               +--------+--------+--------+--------+--------+-----+--------+
         Total | 131797 | 120089 |  11708 |  10063 |  66432 | 141 |  934.7 |
       Dungeon |  22051 |  18576 |   3475 |   1745 |  11793 |  15 | 1470.1 |
          Lair |   6786 |   5863 |    923 |    289 |   4219 |   5 | 1357.2 |
        Shoals |   5345 |   4957 |    388 |    629 |   2664 |   4 | 1336.2 |
     Snake Pit |   5696 |   5285 |    411 |    495 |   3261 |   4 | 1424.0 |
    Slime Pits |   4179 |   3873 |    306 |    710 |   1620 |   5 |  835.8 |
  Orcish Mines |   1787 |   1437 |    350 |      2 |   1030 |   2 |  893.5 |
   Elven Halls |   6601 |   6221 |    380 |    643 |   3370 |   3 | 2200.3 |
        Vaults |   9888 |   8970 |    918 |    361 |   4926 |   5 | 1977.6 |
         Crypt |   4542 |   3822 |    720 |     46 |   2412 |   3 | 1514.0 |
          Tomb |   2881 |   2384 |    497 |    154 |   1385 |   3 |  960.3 |
        Depths |   7309 |   5996 |   1313 |    569 |   3296 |   4 | 1827.2 |
          Hell |    936 |    824 |    112 |    196 |    292 |   1 |  936.0 |
           Dis |   2800 |   2335 |    465 |     46 |   1426 |   7 |  400.0 |
       Gehenna |   3254 |   2909 |    345 |    220 |   1597 |   7 |  464.9 |
       Cocytus |   2854 |   2650 |    204 |    159 |   1372 |   7 |  407.7 |
      Tartarus |   2632 |   2499 |    133 |     28 |   1104 |   7 |  376.0 |
           Zot |   7280 |   6517 |    763 |    825 |   3547 |   5 | 1456.0 |
         Abyss |   1000 |   1000 |      0 |      0 |    220 |   4 |  250.0 |
   Pandemonium |  28835 |  28835 |      0 |   1873 |  15734 |  25 | 1153.4 |
      Ziggurat |   2176 |   2176 |      0 |    589 |     15 |  21 |  103.6 |
         Sewer |    457 |    457 |      0 |      0 |    323 |   1 |  457.0 |
      Ice Cave |   1004 |   1004 |      0 |    244 |    114 |   1 | 1004.0 |
        Wizlab |   1002 |   1002 |      0 |      9 |    684 |   1 | 1002.0 |
      Gauntlet |    493 |    493 |      0 |    226 |     19 |   1 |  493.0 |
               +--------+--------+--------+--------+--------+-----+--------+

Top non-repeatable levels by time:
    D:13: 4091 daAuts
   Elf:2: 2470 daAuts
 Crypt:3: 2335 daAuts
Depths:2: 2261 daAuts
Vaults:2: 2246 daAuts
  Tomb:1: 2220 daAuts
   Elf:3: 2210 daAuts
Vaults:5: 2189 daAuts
   Geh:7: 2079 daAuts
    D:12: 1994 daAuts
Shoals:4: 1971 daAuts
Vaults:3: 1963 daAuts
 Snake:4: 1950 daAuts
Vaults:1: 1938 daAuts
   Elf:1: 1920 daAuts
